Workbook
Name \a: #REF!
Name \a: #REF!
Name \a: #REF!
Name \a: #REF!
Name \a: #REF!
Name \b: [1]INSUMOS!#REF!
Name \b: [1]INSUMOS!#REF!
Name \b: [1]INSUMOS!#REF!
Name \i: [1]INSUMOS!#REF!
Name \i: [1]INSUMOS!#REF!
Name \i: [1]INSUMOS!#REF!
Name \m: [1]INSUMOS!#REF!
Name \m: [1]INSUMOS!#REF!
Name \m: [1]INSUMOS!#REF!
Name \r: [1]INSUMOS!#REF!
Name \r: [1]INSUMOS!#REF!
Name \r: [1]INSUMOS!#REF!
Name \s: #REF!
Name \s: #REF!
Name \s: #REF!
Name \s: #REF!
Name \s: #REF!
Name \t: [1]INSUMOS!#REF!
Name \t: [1]INSUMOS!#REF!
Name \t: [1]INSUMOS!#REF!
Name \x: [1]INSUMOS!#REF!
Name \X: 'GRUPO MGA'!ERR
Name \Z: CANTIDADES!ERR
Name \Z: 'GRUPO MGA'!ERR
Name _________AFC1: [2]INV!$A$25:$D$28
Name _________AFC3: [2]INV!$F$25:$I$28
Name _________AFC5: [2]INV!$K$25:$N$28
Name _________BGC1: [2]INV!$A$5:$D$8
Name _________BGC3: [2]INV!$F$5:$I$8
Name _________BGC5: [2]INV!$K$5:$N$8
Name _________CAC1: [2]INV!$A$19:$D$22
Name _________CAC3: [2]INV!$F$19:$I$22
Name _________CAC5: [2]INV!$K$19:$N$22
Name _________PJ50: #REF!
Name _________PJ50: #REF!
Name _________PJ50: #REF!
Name _________PJ50: #REF!
Name _________PJ50: #REF!
Name _________PJ50: #REF!
Name _________SBC1: [2]INV!$A$12:$D$15
Name _________SBC3: [2]INV!$F$12:$I$15
Name _________SBC5: [2]INV!$K$12:$N$15
Name ________AFC1: [2]INV!$A$25:$D$28
Name ________AFC3: [2]INV!$F$25:$I$28
Name ________AFC5: [2]INV!$K$25:$N$28
Name ________BGC1: [2]INV!$A$5:$D$8
Name ________BGC3: [2]INV!$F$5:$I$8
Name ________BGC5: [2]INV!$K$5:$N$8
Name ________CAC1: [2]INV!$A$19:$D$22
Name ________CAC3: [2]INV!$F$19:$I$22
Name ________CAC5: [2]INV!$K$19:$N$22
Name ________MA2: #REF!
Name ________MA2: #REF!
Name ________MA2: #REF!
Name ________MA2: #REF!

Sheet CANT OBRAS
B3: CANTIDADES DE OBRA EN TUBERIAS
B5: DIAMETRO 24" | C5: 6.0m | D5: 7.0m | E5: 8.0m | F5: 9.0m | G5: 10.0m | H5: 11.0m | I5: 12.0m | J5: 6.0m mesa de 0,10 | K5: 7.0m mesa de 0,10
M6: cantidad
B7: EXCAVACION
B8: SOBREPOCETA | C8: =1*1*1.4 -> 1.4 | D8: =1*1*1.4 -> 1.4 | E8: =1*1*1.4 -> 1.4 | F8: =1*1*1.4 -> 1.4 | G8: =1*1*1.4 -> 1.4 | H8: =1*1*1.4 -> 1.4 | I8: =1*1*1.4 -> 1.4 | J8: =1*1*1.4 -> 1.4 | K8: =1*1*1.4 -> 1.4
B9: POCETA | C9: =1.4*1.4*1.8 -> 3.528 | D9: =1.4*1.4*1.8 -> 3.528 | E9: =1.4*1.4*1.8 -> 3.528 | F9: =1.4*1.4*1.8 -> 3.528 | G9: =1.4*1.4*1.8 -> 3.528 | H9: =1.4*1.4*1.8 -> 3.528 | I9: =1.4*1.4*1.8 -> 3.528 | J9: =1.4*1.4*1.8 -> 3.528 | K9: =1.4*1.4*1.8 -> 3.528
B10: BUQUE | C10: =(6.1-0.9)*1*1.8 -> 9.36 | D10: =(7.2-0.9)*1*1.8 -> 11.34 | E10: =(8.2-0.9)*1*1.8 -> 13.14 | F10: =(9.3-0.9)*1*1.8 -> 15.12 | G10: =(10.3-0.9)*1*1.8 -> 16.92 | H10: =(11.3-0.9)*1*1.8 -> 18.72 | I10: =(12.3-0.9)*1*1.8 -> 20.52 | J10: =(6.1-0.9)*1*1.8 -> 9.36 | K10: =(7.2-0.9)*1*1.8 -> 11.34
B11: E/ALETAS | C11: =((2.07+3.7)/2)*1.55*2 -> 8.9435 | D11: =((2.07+3.7)/2)*1.55*2 -> 8.9435 | E11: =((2.07+3.7)/2)*1.55*2 -> 8.9435 | F11: =((2.07+3.7)/2)*1.55*2 -> 8.9435 | G11: =((2.07+3.7)/2)*1.55*2 -> 8.9435 | H11: =((2.07+3.7)/2)*1.55*2 -> 8.9435 | I11: =((2.07+3.7)/2)*1.55*2 -> 8.9435 | J11: =((2.07+3.7)/2)*1.55*1.8 -> 8.04915 | K11: =((2.07+3.7)/2)*1.55*1.8 -> 8.04915
B12: LLAVE CABEZOTE | C12: =1.4*0.7*0.3 -> 0.294 | D12: =1.4*0.7*0.3 -> 0.294 | E12: =1.4*0.7*0.3 -> 0.294 | F12: =1.4*0.7*0.3 -> 0.294 | G12: =1.4*0.7*0.3 -> 0.294 | H12: =1.4*0.7*0.3 -> 0.294 | I12: =1.4*0.7*0.3 -> 0.294 | J12: =1.4*0.7*0.3 -> 0.294 | K12: =1.4*0.7*0.3 -> 0.294
B13: LLAVE E/ALETAS | C13: =3.1*0.3*0.3 -> 0.279 | D13: =3.1*0.3*0.3 -> 0.279 | E13: =3.1*0.3*0.3 -> 0.279 | F13: =3.1*0.3*0.3 -> 0.279 | G13: =3.1*0.3*0.3 -> 0.279 | H13: =3.1*0.3*0.3 -> 0.279 | I13: =3.1*0.3*0.3 -> 0.279 | J13: =3.1*0.3*0.3 -> 0.279 | K13: =3.1*0.3*0.3 -> 0.279
B14: DESCOLE | C14: =7*1.5*2 -> 21 | D14: =7*1.5*2 -> 21 | E14: =7*1.5*2 -> 21 | F14: =7*1.5*2 -> 21 | G14: =7*1.5*2 -> 21 | H14: =7*1.5*2 -> 21 | I14: =7*1.5*2 -> 21 | J14: =7*1.5*1.8 -> 18.9 | K14: =7*1.5*1.8 -> 18.9
B15: TOTAL EXCAVACION | C15: =SUM(C8:C14) -> 44.8045 | D15: =SUM(D8:D14) -> 46.7845 | E15: =SUM(E8:E14) -> 48.5845 | F15: =SUM(F8:F14) -> 50.5645 | G15: =SUM(G8:G14) -> 52.3645 | H15: =SUM(H8:H14) -> 54.1645 | I15: =SUM(I8:I14) -> 55.9645 | J15: =SUM(J8:J14) -> 41.81015 | K15: =SUM(K8:K14) -> 43.79015 | M15: =M7*C15 -> 0
B17: C.S. F.Y A.
B18: SOLADO POCETA | C18: =1.4*1.4*0.15 -> 0.294 | D18: =1.4*1.4*0.15 -> 0.294 | E18: =1.4*1.4*0.15 -> 0.294 | F18: =1.4*1.4*0.15 -> 0.294 | G18: =1.4*1.4*0.15 -> 0.294 | H18: =1.4*1.4*0.15 -> 0.294 | I18: =1.4*1.4*0.15 -> 0.294 | J18: =1.4*1.4*0.15 -> 0.294 | K18: =1.4*1.4*0.15 -> 0.294
B19: SOLADO BUQUE | C19: =6.1*1*0.1 -> 0.61 | D19: =7.2*1*0.1 -> 0.72 | E19: =8.2*1*0.1 -> 0.82 | F19: =9.3*1*0.1 -> 0.93 | G19: =10.3*1*0.1 -> 1.03 | H19: =11.3*1*0.1 -> 1.13 | I19: =12.3*1*0.1 -> 1.23 | J19: =6.1*1*0.1 -> 0.61 | K19: =7.2*1*0.1 -> 0.72
B20: ATRAQUE | C20: =(6.1-0.9)*0.11 -> 0.572 | D20: =(7.2-0.9)*0.11 -> 0.693 | E20: =(8.2-0.9)*0.11 -> 0.803 | F20: =(9.3-0.9)*0.11 -> 0.924 | G20: =(10.3-0.9)*0.11 -> 1.034 | H20: =(11.3-0.9)*0.11 -> 1.144 | I20: =(12.3-0.9)*0.11 -> 1.254 | J20: =(6.1-0.9)*0.42 -> 2.184 | K20: =(7.2-0.9)*0.42 -> 2.646
B21: SOLADO E/ALETAS | C21: =((1.4+3.1)/2)*0.85*0.2 -> 0.3825 | D21: =((1.4+3.1)/2)*0.85*0.2 -> 0.3825 | E21: =((1.4+3.1)/2)*0.85*0.2 -> 0.3825 | F21: =((1.4+3.1)/2)*0.85*0.2 -> 0.3825 | G21: =((1.4+3.1)/2)*0.85*0.2 -> 0.3825 | H21: =((1.4+3.1)/2)*0.85*0.2 -> 0.3825 | I21: =((1.4+3.1)/2)*0.85*0.2 -> 0.3825 | J21: =((1.4+3.1)/2)*0.85*0.2 -> 0.3825 | K21: =((1.4+3.1)/2)*0.85*0.2 -> 0.3825
B22: LLAVE CABEZOTE | C22: =1.4*0.7*0.3 -> 0.294 | D22: =1.4*0.7*0.3 -> 0.294 | E22: =1.4*0.7*0.3 -> 0.294 | F22: =1.4*0.7*0.3 -> 0.294 | G22: =1.4*0.7*0.3 -> 0.294 | H22: =1.4*0.7*0.3 -> 0.294 | I22: =1.4*0.7*0.3 -> 0.294 | J22: =1.4*0.7*0.3 -> 0.294 | K22: =1.4*0.7*0.3 -> 0.294
B23: LLAVE E/ALETAS | C23: =3.1*0.3*0.3 -> 0.279 | D23: =3.1*0.3*0.3 -> 0.279 | E23: =3.1*0.3*0.3 -> 0.279 | F23: =3.1*0.3*0.3 -> 0.279 | G23: =3.1*0.3*0.3 -> 0.279 | H23: =3.1*0.3*0.3 -> 0.279 | I23: =3.1*0.3*0.3 -> 0.279 | J23: =3.1*0.3*0.3 -> 0.279 | K23: =3.1*0.3*0.3 -> 0.279
B24: TOTAL C.S.F.Y A. | C24: =SUM(C18:C23) -> 2.4315 | D24: =SUM(D18:D23) -> 2.6625 | E24: =SUM(E18:E23) -> 2.8725 | F24: =SUM(F18:F23) -> 3.1035 | G24: =SUM(G18:G23) -> 3.3135 | H24: =SUM(H18:H23) -> 3.5235 | I24: =SUM(I18:I23) -> 3.7335 | J24: =SUM(J18:J23) -> 4.0435 | K24: =SUM(K18:K23) -> 4.6155 | M24: =M7*C24 -> 0
B26: C.SIMPLE
B27: CABEZOTE SUPERIOR | C27: =(1.4*0.2*1.8)-0.08 -> 0.424 | D27: =(1.4*0.2*1.8)-0.08 -> 0.424 | E27: =(1.4*0.2*1.8)-0.08 -> 0.424 | F27: =(1.4*0.2*1.8)-0.08 -> 0.424 | G27: =(1.4*0.2*1.8)-0.08 -> 0.424 | H27: =(1.4*0.2*1.8)-0.08 -> 0.424 | I27: =(1.4*0.2*1.8)-0.08 -> 0.424 | J27: =(1.4*0.2*1.8)-0.08 -> 0.424 | K27: =(1.4*0.2*1.8)-0.08 -> 0.424
B28: MUROS POCETA | C28: =3.4*0.2*1.8 -> 1.224 | D28: =3.4*0.2*1.8 -> 1.224 | E28: =3.4*0.2*1.8 -> 1.224 | F28: =3.4*0.2*1.8 -> 1.224 | G28: =3.4*0.2*1.8 -> 1.224 | H28: =3.4*0.2*1.8 -> 1.224 | I28: =3.4*0.2*1.8 -> 1.224 | J28: =3.4*0.2*1.8 -> 1.224 | K28: =3.4*0.2*1.8 -> 1.224
B29: GUARDARUEDAS | C29: =1.4*0.2*0.2*2 -> 0.112 | D29: =1.4*0.2*0.2*2 -> 0.112 | E29: =1.4*0.2*0.2*2 -> 0.112 | F29: =1.4*0.2*0.2*2 -> 0.112 | G29: =1.4*0.2*0.2*2 -> 0.112 | H29: =1.4*0.2*0.2*2 -> 0.112 | I29: =1.4*0.2*0.2*2 -> 0.112 | J29: =1.4*0.2*0.2*2 -> 0.112 | K29: =1.4*0.2*0.2*2 -> 0.112
B30: TOTAL C.S. | C30: =SUM(C27:C29) -> 1.76 | D30: =SUM(D27:D29) -> 1.76 | E30: =SUM(E27:E29) -> 1.76 | F30: =SUM(F27:F29) -> 1.76 | G30: =SUM(G27:G29) -> 1.76 | H30: =SUM(H27:H29) -> 1.76 | I30: =SUM(I27:I29) -> 1.76 | J30: =SUM(J27:J29) -> 1.76 | K30: =SUM(K27:K29) -> 1.76 | M30: =M7*C30 -> 0
B32: CONCRETO CICLOPEO
B33: CABEZOTE INFERIOR | C33: =(1.4*0.45*2)-0.24 -> 1.02 | D33: =(1.4*0.45*2)-0.24 -> 1.02 | E33: =(1.4*0.45*2)-0.24 -> 1.02 | F33: =(1.4*0.45*2)-0.24 -> 1.02 | G33: =(1.4*0.45*2)-0.24 -> 1.02 | H33: =(1.4*0.45*2)-0.24 -> 1.02 | I33: =(1.4*0.45*2)-0.24 -> 1.02 | J33: =(1.4*0.45*1.8)-0.24 -> 0.894 | K33: =(1.4*0.45*1.8)-0.24 -> 0.894
B34: ALETAS | C34: =1.5*0.425*1.8*2 -> 2.295 | D34: =1.5*0.425*1.8*2 -> 2.295 | E34: =1.5*0.425*1.8*2 -> 2.295 | F34: =1.5*0.425*1.8*2 -> 2.295 | G34: =1.5*0.425*1.8*2 -> 2.295 | H34: =1.5*0.425*1.8*2 -> 2.295 | I34: =1.5*0.425*1.8*2 -> 2.295 | J34: =1.5*0.425*1.8*2 -> 2.295 | K34: =1.5*0.425*1.8*2 -> 2.295
B35: TOTAL CONCRETO CICLOPEO | C35: =SUM(C33:C34) -> 3.315 | D35: =SUM(D33:D34) -> 3.315 | E35: =SUM(E33:E34) -> 3.315 | F35: =SUM(F33:F34) -> 3.315 | G35: =SUM(G33:G34) -> 3.315 | H35: =SUM(H33:H34) -> 3.315 | I35: =SUM(I33:I34) -> 3.315 | J35: =SUM(J33:J34) -> 3.189 | K35: =SUM(K33:K34) -> 3.189 | M35: =M7*C35 -> 0
B37: TUBERIA | C37: 6 | D37: 7 | E37: 8 | F37: 9 | G37: 10 | H37: 11 | I37: 12 | J37: 6 | K37: 7 | M37: =M7*C37 -> 0
B38: SUPUESTOS
B39: Atraque al tercio
B40: longitud aletas = 1.20
B41: altura aletas= 1.80
B42: altura cabezote inf.= 2.0
B43: altura cab. Sup.= 1.80
M46: 9.0 M.
B47: DIAMETRO 36" | C47: 6.0m | D47: 7.0m | E47: 8.0m | F47: 9.0m | G47: 10.0m | H47: 11.0m | I47: 12.0m | J47: 6.0m mesa de 0,10 | K47: 7.0m mesa de 0,10 | M47: A RAS PISO | O47: CANT.
O48: 8
B49: EXCAVACION
B50: SOBREPOCETA | C50: =1*1*1.8 -> 1.8 | D50: =1*1*1.8 -> 1.8 | E50: =1*1*1.8 -> 1.8 | F50: =1*1*1.8 -> 1.8 | G50: =1*1*1.8 -> 1.8 | H50: =1*1*1.8 -> 1.8 | I50: =1*1*1.8 -> 1.8 | J50: =1*1*1.8 -> 1.8 | K50: =1*1*1.8 -> 1.8 | M50: =1*1*1.8 -> 1.8
B51: POCETA | C51: =1.8*1.8*1.8 -> 5.832 | D51: =1.8*1.8*1.8 -> 5.832 | E51: =1.8*1.8*1.8 -> 5.832 | F51: =1.8*1.8*1.8 -> 5.832 | G51: =1.8*1.8*1.8 -> 5.832 | H51: =1.8*1.8*1.8 -> 5.832 | I51: =1.8*1.8*1.8 -> 5.832 | J51: =1.8*1.8*1.8 -> 5.832 | K51: =1.8*1.8*1.8 -> 5.832 | M51: =1.8+1.8*1.35 -> 4.23
B52: BUQUE | C52: =(6.1-1)*1.5*1.8 -> 13.77 | D52: =(7.2-1)*1.5*1.8 -> 16.74 | E52: =(8.2-1)*1.5*1.8 -> 19.44 | F52: =(9.3-1)*1.5*1.8 -> 22.41 | G52: =(10.3-1)*1.5*1.8 -> 25.11 | H52: =(11.3-1)*1.5*1.8 -> 27.81 | I52: =(12.3-1)*1.5*1.8 -> 30.51 | J52: =(6.1-1)*1.5*1.8 -> 13.77 | K52: =(7.2-1)*1.5*1.8 -> 16.74 | M52: =(9.3-1)*1.5*1.6 -> 19.92
B53: E/ALETAS | C53: =((2.55+4.94)/2)*2.07*2 -> 15.5043 | D53: =((2.55+4.94)/2)*2.07*2 -> 15.5043 | E53: =((2.55+4.94)/2)*2.07*2 -> 15.5043 | F53: =((2.55+4.94)/2)*2.07*2 -> 15.5043 | G53: =((2.55+4.94)/2)*2.07*2 -> 15.5043 | H53: =((2.55+4.94)/2)*2.07*2 -> 15.5043 | I53: =((2.55+4.94)/2)*2.07*2 -> 15.5043 | J53: =((2.55+4.94)/2)*2.07*1.8 -> 13.95387 | K53: =((2.55+4.94)/2)*2.07*1.8 -> 13.95387 | M53: =((2.55+4.94)/2)*2.07*1.8 -> 13.95387
B54: LLAVE CABEZOTE | C54: =1.8*0.8*0.3 -> 0.432 | D54: =1.8*0.8*0.3 -> 0.432 | E54: =1.8*0.8*0.3 -> 0.432 | F54: =1.8*0.8*0.3 -> 0.432 | G54: =1.8*0.8*0.3 -> 0.432 | H54: =1.8*0.8*0.3 -> 0.432 | I54: =1.8*0.8*0.3 -> 0.432 | J54: =1.8*0.8*0.3 -> 0.432 | K54: =1.8*0.8*0.3 -> 0.432 | M54: =1.8*0.8*0.3 -> 0.432
B55: LLAVE E/ALETAS | C55: =4.34*0.3*0.3 -> 0.3906 | D55: =4.34*0.3*0.3 -> 0.3906 | E55: =4.34*0.3*0.3 -> 0.3906 | F55: =4.34*0.3*0.3 -> 0.3906 | G55: =4.34*0.3*0.3 -> 0.3906 | H55: =4.34*0.3*0.3 -> 0.3906 | I55: =4.34*0.3*0.3 -> 0.3906 | J55: =4.34*0.3*0.3 -> 0.3906 | K55: =4.34*0.3*0.3 -> 0.3906 | M55: =4.34*0.3*0.3 -> 0.3906
B56: DESCOLE | C56: =10*1.5*2 -> 30 | D56: =10*1.5*2 -> 30 | E56: =10*1.5*2 -> 30 | F56: =10*1.5*2 -> 30 | G56: =10*1.5*2 -> 30 | H56: =10*1.5*2 -> 30 | I56: =10*1.5*2 -> 30 | J56: =10*1.5*1.8 -> 27 | K56: =10*1.5*1.8 -> 27 | M56: =5*1*1.5 -> 7.5
B57: TOTAL EXCAVACION | C57: =SUM(C50:C56) -> 67.7289 | D57: =SUM(D50:D56) -> 70.6989 | E57: =SUM(E50:E56) -> 73.3989 | F57: =SUM(F50:F56) -> 76.3689 | G57: =SUM(G50:G56) -> 79.0689 | H57: =SUM(H50:H56) -> 81.7689 | I57: =SUM(I50:I56) -> 84.4689 | J57: =SUM(J50:J56) -> 63.17847 | K57: =SUM(K50:K56) -> 66.14847 | M57: =SUM(M50:M56) -> 48.22647 | O57: =+O48*C57 -> 541.8312
B59: C.S. F.Y A.
B60: SOLADO POCETA | C60: =1.8*1.8*0.2 -> 0.648 | D60: =1.8*1.8*0.2 -> 0.648 | E60: =1.8*1.8*0.2 -> 0.648 | F60: =1.8*1.8*0.2 -> 0.648 | G60: =1.8*1.8*0.2 -> 0.648 | H60: =1.8*1.8*0.2 -> 0.648 | I60: =1.8*1.8*0.2 -> 0.648 | J60: =1.8*1.8*0.2 -> 0.648 | K60: =1.8*1.8*0.2 -> 0.648 | M60: =1.8*1.8*0.2 -> 0.648
B61: SOLADO BUQUE | C61: =6.1*1.5*0.15 -> 1.3725 | D61: =7.2*1.5*0.15 -> 1.62 | E61: =8.2*1.5*0.15 -> 1.845 | F61: =9.3*1.5*0.15 -> 2.0925 | G61: =10.3*1.5*0.15 -> 2.3175 | H61: =11.3*1.5*0.15 -> 2.5425 | I61: =12.3*1.5*0.15 -> 2.7675 | J61: =6.1*1.5*0.15 -> 1.3725 | K61: =7.2*1.5*0.15 -> 1.62 | M61: =9.3*1.5*0.15 -> 2.0925
B62: ATRAQUE | C62: =(6.1-1)*0.185 -> 0.9435 | D62: =(7.2-1)*0.185 -> 1.147 | E62: =(8.2-1)*0.185 -> 1.332 | F62: =(9.3-1)*0.185 -> 1.5355 | G62: =(10.3-1)*0.185 -> 1.7205 | H62: =(11.3-1)*0.185 -> 1.9055 | I62: =(12.3-1)*0.185 -> 2.0905 | J62: =(6.1-1)*0.84 -> 4.284 | K62: =(7.2-1)*0.84 -> 5.208 | M62: =(9.3-1)*0.84 -> 6.972
B63: SOLADO E/ALETAS | C63: =((1.8+4.34)/2)*1.27*0.2 -> 0.77978 | D63: =((1.8+4.34)/2)*1.27*0.2 -> 0.77978 | E63: =((1.8+4.34)/2)*1.27*0.2 -> 0.77978 | F63: =((1.8+4.34)/2)*1.27*0.2 -> 0.77978 | G63: =((1.8+4.34)/2)*1.27*0.2 -> 0.77978 | H63: =((1.8+4.34)/2)*1.27*0.2 -> 0.77978 | I63: =((1.8+4.34)/2)*1.27*0.2 -> 0.77978 | J63: =((1.8+4.34)/2)*1.27*0.2 -> 0.77978 | K63: =((1.8+4.34)/2)*1.27*0.2 -> 0.77978 | M63: =((1.8+4.34)/2)*1.27*0.2 -> 0.77978
B64: LLAVE CABEZOTE | C64: =1.8*0.8*0.3 -> 0.432 | D64: =1.8*0.8*0.3 -> 0.432 | E64: =1.8*0.8*0.3 -> 0.432 | F64: =1.8*0.8*0.3 -> 0.432 | G64: =1.8*0.8*0.3 -> 0.432 | H64: =1.8*0.8*0.3 -> 0.432 | I64: =1.8*0.8*0.3 -> 0.432 | J64: =1.8*0.8*0.3 -> 0.432 | K64: =1.8*0.8*0.3 -> 0.432 | M64: =1.8*0.8*0.3 -> 0.432
B65: LLAVE E/ALETAS | C65: =4.34*0.3*0.3 -> 0.3906 | D65: =4.34*0.3*0.3 -> 0.3906 | E65: =4.34*0.3*0.3 -> 0.3906 | F65: =4.34*0.3*0.3 -> 0.3906 | G65: =4.34*0.3*0.3 -> 0.3906 | H65: =4.34*0.3*0.3 -> 0.3906 | I65: =4.34*0.3*0.3 -> 0.3906 | J65: =4.34*0.3*0.3 -> 0.3906 | K65: =4.34*0.3*0.3 -> 0.3906 | M65: =4.34*0.3*0.3 -> 0.3906
B66: TOTAL C.S.F.Y A. | C66: =SUM(C60:C65) -> 4.56638 | D66: =SUM(D60:D65) -> 5.01738 | E66: =SUM(E60:E65) -> 5.42738 | F66: =SUM(F60:F65) -> 5.87838 | G66: =SUM(G60:G65) -> 6.28838 | H66: =SUM(H60:H65) -> 6.69838 | I66: =SUM(I60:I65) -> 7.10838 | J66: =SUM(J60:J65) -> 7.90688 | K66: =SUM(K60:K65) -> 9.07838 | M66: =SUM(M60:M65) -> 11.31488 | O66: =+O48*C66 -> 36.53104
B68: C.SIMPLE
B69: CABEZOTE SUPERIOR | C69: =(1.8*0.2*2)-0.24 -> 0.48 | D69: =(1.8*0.2*2)-0.24 -> 0.48 | E69: =(1.8*0.2*2)-0.24 -> 0.48 | F69: =(1.8*0.2*2)-0.24 -> 0.48 | G69: =(1.8*0.2*2)-0.24 -> 0.48 | H69: =(1.8*0.2*2)-0.24 -> 0.48 | I69: =(1.8*0.2*2)-0.24 -> 0.48 | J69: =(1.8*0.2*2)-0.24 -> 0.48 | K69: =(1.8*0.2*2)-0.24 -> 0.48 | M69: =(1*0.2*2)-0.24 -> 0.16
B70: MUROS POCETA | C70: =4.6*0.2*2 -> 1.84 | D70: =4.6*0.2*2 -> 1.84 | E70: =4.6*0.2*2 -> 1.84 | F70: =4.6*0.2*2 -> 1.84 | G70: =4.6*0.2*2 -> 1.84 | H70: =4.6*0.2*2 -> 1.84 | I70: =4.6*0.2*2 -> 1.84 | J70: =4.6*0.2*2 -> 1.84 | K70: =4.6*0.2*2 -> 1.84 | M70: =4.6*0.2*1.6 -> 1.472
B71: GUARDARUEDAS | C71: =1.8*0.2*0.2*2 -> 0.144 | D71: =1.8*0.2*0.2*2 -> 0.144 | E71: =1.8*0.2*0.2*2 -> 0.144 | F71: =1.8*0.2*0.2*2 -> 0.144 | G71: =1.8*0.2*0.2*2 -> 0.144 | H71: =1.8*0.2*0.2*2 -> 0.144 | I71: =1.8*0.2*0.2*2 -> 0.144 | J71: =1.8*0.2*0.2*2 -> 0.144 | K71: =1.8*0.2*0.2*2 -> 0.144 | M71: =1.8*0.2*0.2*2 -> 0.144
B72: TOTAL C.S. | C72: =SUM(C69:C71) -> 2.464 | D72: =SUM(D69:D71) -> 2.464 | E72: =SUM(E69:E71) -> 2.464 | F72: =SUM(F69:F71) -> 2.464 | G72: =SUM(G69:G71) -> 2.464 | H72: =SUM(H69:H71) -> 2.464 | I72: =SUM(I69:I71) -> 2.464 | J72: =SUM(J69:J71) -> 2.464 | K72: =SUM(K69:K71) -> 2.464 | M72: =SUM(M69:M71) -> 1.776 | O72: =+O48*C72 -> 19.712
B74: CONCRETO CICLOPEO
B75: CABEZOTE INFERIOR | C75: =(1.8*0.5*2)-0.85 -> 0.95 | D75: =(1.8*0.5*2)-0.85 -> 0.95 | E75: =(1.8*0.5*2)-0.85 -> 0.95 | F75: =(1.8*0.5*2)-0.85 -> 0.95 | G75: =(1.8*0.5*2)-0.85 -> 0.95 | H75: =(1.8*0.5*2)-0.85 -> 0.95 | I75: =(1.8*0.5*2)-0.85 -> 0.95 | J75: =(1.8*0.5*1.8)-0.85 -> 0.77 | K75: =(1.8*0.5*1.8)-0.85 -> 0.77 | M75: =(1.7*0.5*2)-0.67 -> 1.03
B76: ALETAS | C76: =1.8*0.45*2*2 -> 3.24 | D76: =1.8*0.45*2*2 -> 3.24 | E76: =1.8*0.45*2*2 -> 3.24 | F76: =1.8*0.45*2*2 -> 3.24 | G76: =1.8*0.45*2*2 -> 3.24 | H76: =1.8*0.45*2*2 -> 3.24 | I76: =1.8*0.45*2*2 -> 3.24 | J76: =1.8*0.45*2*1.8 -> 2.916 | K76: =1.8*0.45*2*1.8 -> 2.916 | M76: =1.7*0.45*2*2 -> 3.06
B77: TOTAL CONCRETO CICLOPEO | C77: =SUM(C75:C76) -> 4.19 | D77: =SUM(D75:D76) -> 4.19 | E77: =SUM(E75:E76) -> 4.19 | F77: =SUM(F75:F76) -> 4.19 | G77: =SUM(G75:G76) -> 4.19 | H77: =SUM(H75:H76) -> 4.19 | I77: =SUM(I75:I76) -> 4.19 | J77: =SUM(J75:J76) -> 3.686 | K77: =SUM(K75:K76) -> 3.686 | M77: =SUM(M75:M76) -> 4.09 | O77: =+O48*C77 -> 33.52
B79: TUBERIA 36" | C79: 6 | D79: 7 | E79: 8 | F79: 9 | G79: 10 | H79: 11 | I79: 12 | J79: 6 | K79: 7 | M79: 9
B81: SUPUESTOS
B82: Atraque al tercio
B83: longitud aletas = 1.80 | F83: =+D72*4 -> 9.856
B84: altura aletas= 2.0 | F84: =+D66*4 -> 20.06952
B85: altura cabezote inf.= 2.0 | F85: =+F83+F84 -> 29.92552
B86: altura cab. Sup.= 2.0

Sheet PRESUPUESTO TOTAL  (prueba)
B2: GOBERNACIÓN DE ANTIOQUIA
B3: SECRETARÍA DE INFRAESTRUCTURA FÍSICA
B4: “MEJORAMIENTO LA VIA SOFIA-YOLOMBO EN LA SUBREGIÓN DEL DEPARTAMENTO DE ANTIOQUIA”
B5: PRESUPUESTO DE OBRA | G5: VIA SOFIA - YOLOMBO
B6: ITEM | C6: ESPECIFICACION | E6: DESCRIPCIÓN | F6: UND. | G6: CANT. | H6: VALOR UNITARIO | I6: VALOR PARCIAL
E7: GRUPO 1 - OBRAS PRELIMINARES
B8: 1.4 | C8: INVIAS | D8: 210 | E8: =CANTIDADES!B11 -> Excavación sin clasificar de la explanación, canales y prestamos. No incluye botada. | F8: m³ | G8: =CANTIDADES!G11 -> 1798 | H8: =ROUND(#REF!/(1+#REF!),0) -> #REF! | I8: =G8*H8 -> #REF! | K8: =+I8*$K$63 -> #REF!
B9: 1.6.2 | C9: PART. DEPARTAMENTO | D9: 1.6.2 | E9: Derecho de Botadero | F9: m³ | G9: =+CANTIDADES!G12 -> 3419 | H9: =ROUND(#REF!/(1+#REF!),0) -> #REF! | I9: =+H9*G9 -> #REF! | K9: =+I9*$K$63 -> #REF!
B10: 1.13 | C10: PART. DEPARTAMENTO | D10: 1.13 | E10: Lleno manual compactado con material de la excavación | F10: m³ | G10: =+CANTIDADES!G14 -> 816 | H10: =ROUND(#REF!/(1+#REF!),0) -> #REF! | I10: =+H10*G10 -> #REF! | K10: =+I10*$K$63 -> #REF!
B11: 1.14 | C11: PART. DEPARTAMENTO | D11: 1.14 | E11: =CANTIDADES!B23 -> Lleno mecánico compactado con material de la excavación | F11: =F10 -> m³ | G11: =CANTIDADES!G23 -> 1798 | H11: =ROUND(#REF!/(1+#REF!),0) -> #REF! | I11: =+H11*G11 -> #REF! | K11: =+I11*$K$63 -> #REF!
B12: 1.14.1 | C12: PART. DEPARTAMENTO | D12: 1.14.1 | E12: Lleno mecánico compactado con material de prestamo | F12: m³ | G12: =CANTIDADES!G24 -> 1786 | H12: =ROUND(#REF!/(1+#REF!),0) -> #REF! | I12: =G12*H12 -> #REF! | K12: =+I12*$K$63 -> #REF!
B13: 6.41 | C13: INVIAS | D13: 200 | E13: Rocería, incluye botada y disposición adecuada de material sobrante | F13: Ha | G13: =+CANTIDADES!G158 -> 18 | H13: =ROUND(#REF!/(1+#REF!),0) -> #REF! | I13: =+H13*G13 -> #REF! | K13: =+I13*$K$63 -> #REF!
B14: 1.18 | C14: INVIAS | D14: 310 | E14: Mejoramiento de la subrasante involucrando suelo existente | F14: m² | G14: =+CANTIDADES!G26 -> 25085 | H14: =ROUND(#REF!/(1+#REF!),0) -> #REF! | I14: =+H14*G14 -> #REF! | K14: =+I14*$K$63 -> #REF!
B15: 1.29 | C15: PART. DEPARTAMENTO | D15: 1.29 | E15: Descapote terreno natural incluye transporte y bote de material | F15: m² | G15: =CANTIDADES!G27 -> 5047 | H15: =ROUND(#REF!/(1+#REF!),0) -> #REF! | I15: =G15*H15 -> #REF! | K15: =+I15*$K$63 -> #REF!
E16: TOTAL GRUPO 1 | I16: =SUM(I8:I15) -> #REF! | K16: =+I16*$K$63 -> #REF! | L16: =SUM(K8:K15) -> #REF!
E17: GRUPO 2 - AFIRMADO, SUB-BASES Y BASES GRANULARES
B18: 2.1 | C18: INVIAS | D18: 311 | E18: =CANTIDADES!B34 -> Suministro, colocación, conformación y compactación de material de la zona para afirmado de vías, no incluye transporte. | F18: m³ | G18: =CANTIDADES!G34 -> 2509 | H18: =ROUND(#REF!/(1+#REF!),0) -> #REF! | I18: =+H18*G18 -> #REF! | K18: =+I18*$K$63 -> #REF!
B19: 2.6 | C19: INVIAS | D19: 330 | E19: Suministro, colocación, conformación y compactación de Base. No Incluye transporte. | F19: m³ | G19: =CANTIDADES!G37 -> 6171 | H19: =ROUND(#REF!/(1+#REF!),0) -> #REF! | I19: =+H19*G19 -> #REF! | K19: =+I19*$K$63 -> #REF!
K20: =+I20*$K$63 -> #REF!
E21: TOTAL GRUPO 2 | I21: =SUM(I18:I19) -> #REF! | K21: =+I21*$K$63 -> #REF! | L21: =SUM(K18:K19) -> #REF!
E22: GRUPO 3 - MOVIMIENTO DE TIERRA Y MATERIALES | K22: =+I22*$K$63 -> #REF!
B23: 3.4 | C23: INVIAS | D23: 900 | E23: Transporte de materiales proveniente de la excavación de la explanación, canales, prestamos y material de afirmado, sub-base, base y mezcla asfáltica para distancias mayores de tres mil metros (3000). Material compacto. | F23: m³-km | G23: =+CANTIDADES!G44 -> 840961 | H23: =ROUND(#REF!/(1+#REF!),0) -> #REF! | I23: =+H23*G23 -> #REF! | K23: =+I23*$K$63 -> #REF!
E24: TOTAL GRUPO 3 | I24: =+SUM(I23:I23) -> #REF! | K24: =+I24*$K$63 -> #REF! | L24: =SUM(K23) -> #REF!
E25: GRUPO 4 - ACERO Y ELEMENTOS METÁLICOS | K25: =+I25*$K$63 -> #REF!
B26: 4.1 | C26: INVIAS | D26: 640 | E26: Suministro transporte y colocación de Acero de refuerzo fy=420 Mpa (Grado 60) | F26: kg | G26: =+CANTIDADES!G48 -> 32708 | H26: 4215 | I26: =+H26*G26 -> 137864220 | K26: =+I26*$K$63 -> #REF!
E27: TOTAL GRUPO 4 | I27: =SUM(I26:I26) -> 137864220 | K27: =+I27*$K$63 -> #REF! | L27: =SUM(K26) -> #REF!
E28: GRUPO 6 - CONCRETO, MORTEROS Y OBRAS VARIAS | K28: =+I28*$K$63 -> #REF!
B29: 6.1.2 | C29: INVIAS | D29: 600 | E29: Excavaciones varias en roca en seco. Se pagara como roca compacta.(sin dinamita) | F29: m³ | G29: =+CANTIDADES!G81 -> 10 | H29: 296866 | I29: =+H29*G29 -> 2968660 | K29: =+I29*$K$63 -> #REF!
B30: 6.2 | C30: INVIAS | D30: 600 | E30: Excavaciones Estruct. varias en material común en seco, incluye entibado. No incluye transporte botada. | F30: m³ | G30: =+CANTIDADES!G104 -> 3409 | H30: 16311 | I30: =+H30*G30 -> 55604199 | K30: =+I30*$K$63 -> #REF!
B31: 6.25 | C31: INVIAS | D31: 630 | E31: Concreto clase D (Muros, disipadores, aletas 210 kg/cm2) | F31: m³ | G31: =+CANTIDADES!G111 -> 293 | H31: 651735 | I31: =+H31*G31 -> 190958355 | K31: =+I31*$K$63 -> #REF!
B32: 6.28 | C32: INVIAS | D32: 630 | E32: Concreto clase F (140 kg/cm2). | F32: m³ | G32: =+CANTIDADES!G140 -> 15 | H32: 443035 | I32: =+H32*G32 -> 6645525 | K32: =+I32*$K$63 -> #REF!
B33: 6.35 | C33: INVIAS | D33: 630 | E33: Concreto 21Mpa- Box coulvert Losa Inferior | F33: m³ | G33: =CANTIDADES!G146 -> 6 | H33: 604285 | I33: =+H33*G33 -> 3625710 | K33: =+I33*$K$63 -> #REF!
B34: 6.36 | C34: INVIAS | D34: 630 | E34: Concreto 21 Mpa, Boxcoulvert- Losa superior y muros laterales | F34: m³ | G34: =CANTIDADES!G150 -> 14 | H34: 647086 | I34: =+H34*G34 -> 9059204 | K34: =+I34*$K$63 -> #REF!
B35: 6.42 | C35: PART. DEPARTAMENTO | D35: 6.42 | E35: Limpieza de obras transversales, incluye acarreo interno de todos los sedimentos, escombros, material vegetal y demás elementos extraños que se encuentren obstruyendo la obra. | F35: und | G35: =+CANTIDADES!G160 -> 32 | H35: 64364 | I35: =+H35*G35 -> 2059648 | K35: =+I35*$K$63 -> #REF!
B36: 6.44 | C36: PART. DEPARTAMENTO | D36: 6.44 | E36: Relleno material filtrante 1 1/2" incluye Suministro, Transporte y Colocación | F36: m³ | G36: =+CANTIDADES!G162 -> 2154 | H36: 91552 | I36: =+H36*G36 -> 197203008 | K36: =+I36*$K$63 -> #REF!
B37: 6.46 | C37: INVIAS | D37: 201 | E37: Demolición de estructuras (Concreto reforzado) , incluye botada de material sobrante. | F37: m³ | G37: =CANTIDADES!G164 -> 1057 | H37: 105279 | I37: =+H37*G37 -> 111279903 | K37: =+I37*$K$63 -> #REF!
B38: 6.71 | C38: INVIAS | D38: 663 | E38: Suministro, transporte y colocación de Tubería PVC 36" para alcantarillado | F38: m | G38: =+CANTIDADES!G180 -> 179 | H38: 1202769 | I38: =+H38*G38 -> 215295651 | K38: =+I38*$K$63 -> #REF!
B39: 6.100 | C39: INVIAS | D39: 630-671 | E39: Concreto de 21 MPA para cunetas | F39: m³ | G39: =+CANTIDADES!G182 -> 1064 | H39: 522275 | I39: =+H39*G39 -> 555700600 | K39: =+I39*$K$63 -> #REF!
E40: TOTAL GRUPO 6 | I40: =SUM(I29:I39) -> 1350400463 | K40: =+I40*$K$63 -> #REF! | L40: =SUM(K29:K39) -> #REF!
E41: GRUPO 8 - GEOTEXTILES Y PAVIMENTOS | K41: =+I41*$K$63 -> #REF!
B42: 8.5 | C42: PART. DEPARTAMENTO | D42: 8.5 | E42: Suministro, transporte e instalación de Geodrén circular, tubería de 4", incluye Geotextil NT 2500 | F42: m | G42: =CANTIDADES!G185 -> 5386 | H42: 49001 | I42: =+H42*G42 -> 263919386 | K42: =+I42*$K$63 -> #REF!
B43: 8.15 | C43: INVIAS | D43: 700 | E43: Línea de demarcación con pintura acrílica en frío. | F43: m | G43: =+CANTIDADES!G187 -> 20068 | H43: 1941 | I43: =+H43*G43 -> 38951988 | K43: =+I43*$K$63 -> #REF!
B44: 8.28.2 | C44: INVIAS | D44: 420-450 | E44: Suministro, colocación y compactación de mezcla asfáltica MSC-19. con asfalto normalizado, incluye imprimacion, No incluye transporte | F44: m³ | G44: =CANTIDADES!G188 -> 1605 | H44: 752773 | I44: =G44*H44 -> 1208200665 | K44: =+I44*$K$63 -> #REF!
E45: TOTAL GRUPO 8 | I45: =SUM(I42:I44) -> 1511072039 | K45: =+I45*$K$63 -> #REF! | L45: =SUM(K42:K44) -> #REF!
E46: GRUPO 12 - SEÑALIZACION | K46: =+I46*$K$63 -> #REF!
B47: 12.8 | C47: INVIAS | D47: 710 | E47: Suministro, transporte e instalación de señal vertical de 75 cm x 75 cm en lámina galvanizada calibre 16, reflectivo tipo XI, estructura metálica tipo pedestal compuesta por un paral en ángulo de 2"x2"x1/4" y brazo en ángulo de 2"x2"x1/8". | F47: und | G47: =+CANTIDADES!G197 -> 64 | H47: 258430 | I47: =+H47*G47 -> 16539520 | K47: =+I47*$K$63 -> #REF!
E48: TOTAL GRUPO 12 | I48: =SUM(I47) -> 16539520 | K48: =+I48*$K$63 -> #REF! | L48: =SUM(K47) -> #REF!
B49: COSTO BÁSICO | I49: =ROUND(+I45+I40+I27+I24+I16+I21+I48,0) -> #REF!
B50: ADMINISTRACION | F50: =#REF! -> #REF! | I50: =+I49*F50 -> #REF! | L50: =SUM(L6:L48) -> #REF!
B51: IMPREVISTOS | F51: 0.03 | I51: =F51*I49 -> #REF!
B52: UTILIDAD | F52: =+#REF! -> #REF! | I52: =+I49*F52 -> #REF!
B53: TOTAL DEL CONTRATO | F53: =SUM(F50:F52) -> #REF! | I53: =+I52+I50+I49+I51 -> #REF!
B54: PLAN DE MANEJO DE TRANSITO | I54: =#REF! -> #REF! | L54: =+L50+I54+I55+I56+I58 -> #REF!
B55: PLAN DE MANEJO AMBIENTAL | I55: =#REF! -> #REF!
B56: CARACTERIZACION VIAL | G56: =#REF! -> #REF! | H56: 11.553 | I56: =G56*H56 -> #REF! | K56: =I56/1.19 -> #REF!
B57: TOTAL DE LA OBRA | I57: =I53+I54+I55+I56 -> #REF! | K57: =I53+I54+I55+K56 -> #REF!
B58: TOTAL INTERVENTORIA | I58: =#REF! -> #REF! | K58: =I58/I57 -> #REF!
B60: TOTAL PROYECTO | I60: =I57+I58 -> #REF! | K60: 6.7789745e+09 | L60: =I60-K60 -> #REF!
B62: Elaboró: | F62: Aprobó | K62: =+(I50+I51+I52)/I49 -> #REF!
K63: =1+K62 -> #REF!
B68: DARIO MOTOA FALLA | F68: LUIS EDUARDO TOBON CARDONA
B69: Profesional Universitario | F69: Director de planeacion
B70: Matrícula No 17202-19898-CDS | F70: SECRETARIA DE INFRAESTRUCTURA
B71: Planeación SIF

Sheet PRESUPUESTO TOTAL (2)
B2: GOBERNACIÓN DE ANTIOQUIA
B3: SECRETARÍA DE INFRAESTRUCTURA FÍSICA
B4: “MEJORAMIENTO LA VIA SOFIA-YOLOMBO EN LA SUBREGIÓN DEL DEPARTAMENTO DE ANTIOQUIA”
B5: PRESUPUESTO DE OBRA | G5: VIA SOFIA - YOLOMBO
B6: ITEM | C6: ESPECIFICACION | E6: DESCRIPCIÓN | F6: UND. | G6: CANT. | H6: VALOR UNITARIO | I6: VALOR PARCIAL
E7: GRUPO 1 - OBRAS PRELIMINARES
B8: 1.4 | C8: INVIAS | D8: 210 | E8: =CANTIDADES!B11 -> Excavación sin clasificar de la explanación, canales y prestamos. No incluye botada. | F8: m³ | G8: =CANTIDADES!G11 -> 1798 | H8: 8372 | I8: =G8*H8 -> 15052856 | K8: =+I8*$K$63 -> #REF!
B9: 1.6.2 | C9: PART. DEPARTAMENTO | D9: 1.6.2 | E9: Derecho de Botadero | F9: m³ | G9: =+CANTIDADES!G12 -> 3419 | H9: 3250 | I9: =+H9*G9 -> 11111750 | K9: =+I9*$K$63 -> #REF!
B10: 1.13 | C10: PART. DEPARTAMENTO | D10: 1.13 | E10: Lleno manual compactado con material de la excavación | F10: m³ | G10: =+CANTIDADES!G14 -> 816 | H10: 15589 | I10: =+H10*G10 -> 12720624 | K10: =+I10*$K$63 -> #REF!
B11: 1.14 | C11: PART. DEPARTAMENTO | D11: 1.14 | E11: =CANTIDADES!B23 -> Lleno mecánico compactado con material de la excavación | F11: =F10 -> m³ | G11: =CANTIDADES!G23 -> 1798 | H11: 12706 | I11: =+H11*G11 -> 22845388 | K11: =+I11*$K$63 -> #REF!
B12: 1.14.1 | C12: PART. DEPARTAMENTO | D12: 1.14.1 | E12: Lleno mecánico compactado con material de prestamo | F12: m³ | G12: =CANTIDADES!G24 -> 1786 | H12: 67530 | I12: =G12*H12 -> 120608580 | K12: =+I12*$K$63 -> #REF!
B13: 6.41 | C13: INVIAS | D13: 200 | E13: Rocería, incluye botada y disposición adecuada de material sobrante | F13: Ha | G13: =+CANTIDADES!G158 -> 18 | H13: 525988 | I13: =+H13*G13 -> 9467784 | K13: =+I13*$K$63 -> #REF!
B14: 1.18 | C14: INVIAS | D14: 310 | E14: Mejoramiento de la subrasante involucrando suelo existente | F14: m² | G14: =+CANTIDADES!G26 -> 25085 | H14: 1091 | I14: =+H14*G14 -> 27367735 | K14: =+I14*$K$63 -> #REF!
B15: 1.29 | C15: PART. DEPARTAMENTO | D15: 1.29 | E15: Descapote terreno natural incluye transporte y bote de material | F15: m² | G15: =CANTIDADES!G27 -> 5047 | H15: 6170 | I15: =G15*H15 -> 31139990 | K15: =+I15*$K$63 -> #REF!
E16: TOTAL GRUPO 1 | I16: =SUM(I8:I15) -> 250314707 | K16: =+I16*$K$63 -> #REF! | L16: =SUM(K8:K15) -> #REF!
E17: GRUPO 2 - AFIRMADO, SUB-BASES Y BASES GRANULARES
B18: 2.1 | C18: INVIAS | D18: 311 | E18: =CANTIDADES!B34 -> Suministro, colocación, conformación y compactación de material de la zona para afirmado de vías, no incluye transporte. | F18: m³ | G18: =CANTIDADES!G34 -> 2509 | H18: 46234 | I18: =+H18*G18 -> 116001106 | K18: =+I18*$K$63 -> #REF!
B19: 2.6 | C19: INVIAS | D19: 330 | E19: Suministro, colocación, conformación y compactación de Base. No Incluye transporte. | F19: m³ | G19: =CANTIDADES!G37 -> 6171 | H19: 86939 | I19: =+H19*G19 -> 536500569 | K19: =+I19*$K$63 -> #REF!
K20: =+I20*$K$63 -> #REF!
E21: TOTAL GRUPO 2 | I21: =SUM(I18:I19) -> 652501675 | K21: =+I21*$K$63 -> #REF! | L21: =SUM(K18:K19) -> #REF!
E22: GRUPO 3 - MOVIMIENTO DE TIERRA Y MATERIALES | K22: =+I22*$K$63 -> #REF!
B23: 3.4 | C23: INVIAS | D23: 900 | E23: Transporte de materiales proveniente de la excavación de la explanación, canales, prestamos y material de afirmado, sub-base, base y mezcla asfáltica para distancias mayores de tres mil metros (3000). Material compacto. | F23: m³-km | G23: =+CANTIDADES!G44 -> 840961 | H23: 1222 | I23: =+H23*G23 -> 1027654342 | K23: =+I23*$K$63 -> #REF!
E24: TOTAL GRUPO 3 | I24: =+SUM(I23:I23) -> 1027654342 | K24: =+I24*$K$63 -> #REF! | L24: =SUM(K23) -> #REF!
E25: GRUPO 4 - ACERO Y ELEMENTOS METÁLICOS | K25: =+I25*$K$63 -> #REF!
B26: 4.1 | C26: INVIAS | D26: 640 | E26: Suministro transporte y colocación de Acero de refuerzo fy=420 Mpa (Grado 60) | F26: kg | G26: =+CANTIDADES!G48 -> 32708 | H26: 4215 | I26: =+H26*G26 -> 137864220 | K26: =+I26*$K$63 -> #REF!
E27: TOTAL GRUPO 4 | I27: =SUM(I26:I26) -> 137864220 | K27: =+I27*$K$63 -> #REF! | L27: =SUM(K26) -> #REF!
E28: GRUPO 6 - CONCRETO, MORTEROS Y OBRAS VARIAS | K28: =+I28*$K$63 -> #REF!
B29: 6.1.2 | C29: INVIAS | D29: 600 | E29: Excavaciones varias en roca en seco. Se pagara como roca compacta.(sin dinamita) | F29: m³ | G29: =+CANTIDADES!G81 -> 10 | H29: 296866 | I29: =+H29*G29 -> 2968660 | K29: =+I29*$K$63 -> #REF!
B30: 6.2 | C30: INVIAS | D30: 600 | E30: Excavaciones Estruct. varias en material común en seco, incluye entibado. No incluye transporte botada. | F30: m³ | G30: =+CANTIDADES!G104 -> 3409 | H30: 16311 | I30: =+H30*G30 -> 55604199 | K30: =+I30*$K$63 -> #REF!
B31: 6.25 | C31: INVIAS | D31: 630 | E31: Concreto clase D (Muros, disipadores, aletas 210 kg/cm2) | F31: m³ | G31: =+CANTIDADES!G111 -> 293 | H31: 651735 | I31: =+H31*G31 -> 190958355 | K31: =+I31*$K$63 -> #REF!
B32: 6.28 | C32: INVIAS | D32: 630 | E32: Concreto clase F (140 kg/cm2). | F32: m³ | G32: =+CANTIDADES!G140 -> 15 | H32: 443035 | I32: =+H32*G32 -> 6645525 | K32: =+I32*$K$63 -> #REF!
B33: 6.35 | C33: INVIAS | D33: 630 | E33: Concreto 21Mpa- Box coulvert Losa Inferior | F33: m³ | G33: =CANTIDADES!G146 -> 6 | H33: 604285 | I33: =+H33*G33 -> 3625710 | K33: =+I33*$K$63 -> #REF!
B34: 6.36 | C34: INVIAS | D34: 630 | E34: Concreto 21 Mpa, Boxcoulvert- Losa superior y muros laterales | F34: m³ | G34: =CANTIDADES!G150 -> 14 | H34: 647086 | I34: =+H34*G34 -> 9059204 | K34: =+I34*$K$63 -> #REF!
B35: 6.42 | C35: PART. DEPARTAMENTO | D35: 6.42 | E35: Limpieza de obras transversales, incluye acarreo interno de todos los sedimentos, escombros, material vegetal y demás elementos extraños que se encuentren obstruyendo la obra. | F35: und | G35: =+CANTIDADES!G160 -> 32 | H35: 64364 | I35: =+H35*G35 -> 2059648 | K35: =+I35*$K$63 -> #REF!
B36: 6.44 | C36: PART. DEPARTAMENTO | D36: 6.44 | E36: Relleno material filtrante 1 1/2" incluye Suministro, Transporte y Colocación | F36: m³ | G36: =+CANTIDADES!G162 -> 2154 | H36: 91552 | I36: =+H36*G36 -> 197203008 | K36: =+I36*$K$63 -> #REF!
B37: 6.46 | C37: INVIAS | D37: 201 | E37: Demolición de estructuras (Concreto reforzado) , incluye botada de material sobrante. | F37: m³ | G37: =CANTIDADES!G164 -> 1057 | H37: 105279 | I37: =+H37*G37 -> 111279903 | K37: =+I37*$K$63 -> #REF!
B38: 6.71 | C38: INVIAS | D38: 663 | E38: Suministro, transporte y colocación de Tubería PVC 36" para alcantarillado | F38: m | G38: =+CANTIDADES!G180 -> 179 | H38: 1202769 | I38: =+H38*G38 -> 215295651 | K38: =+I38*$K$63 -> #REF!
B39: 6.100 | C39: INVIAS | D39: 630-671 | E39: Concreto de 21 MPA para cunetas | F39: m³ | G39: =+CANTIDADES!G182 -> 1064 | H39: 522275 | I39: =+H39*G39 -> 555700600 | K39: =+I39*$K$63 -> #REF!
E40: TOTAL GRUPO 6 | I40: =SUM(I29:I39) -> 1350400463 | K40: =+I40*$K$63 -> #REF! | L40: =SUM(K29:K39) -> #REF!
E41: GRUPO 8 - GEOTEXTILES Y PAVIMENTOS | K41: =+I41*$K$63 -> #REF!
B42: 8.5 | C42: PART. DEPARTAMENTO | D42: 8.5 | E42: Suministro, transporte e instalación de Geodrén circular, tubería de 4", incluye Geotextil NT 2500 | F42: m | G42: =CANTIDADES!G185 -> 5386 | H42: 49001 | I42: =+H42*G42 -> 263919386 | K42: =+I42*$K$63 -> #REF!
B43: 8.15 | C43: INVIAS | D43: 700 | E43: Línea de demarcación con pintura acrílica en frío. | F43: m | G43: =+CANTIDADES!G187 -> 20068 | H43: 1941 | I43: =+H43*G43 -> 38951988 | K43: =+I43*$K$63 -> #REF!
B44: 8.28.2 | C44: INVIAS | D44: 420-450 | E44: Suministro, colocación y compactación de mezcla asfáltica MSC-19. con asfalto normalizado, incluye imprimacion, No incluye transporte | F44: m³ | G44: =CANTIDADES!G188 -> 1605 | H44: 752773 | I44: =G44*H44 -> 1208200665 | K44: =+I44*$K$63 -> #REF!
E45: TOTAL GRUPO 8 | I45: =SUM(I42:I44) -> 1511072039 | K45: =+I45*$K$63 -> #REF! | L45: =SUM(K42:K44) -> #REF!
E46: GRUPO 12 - SEÑALIZACION | K46: =+I46*$K$63 -> #REF!
B47: 12.8 | C47: INVIAS | D47: 710 | E47: Suministro, transporte e instalación de señal vertical de 75 cm x 75 cm en lámina galvanizada calibre 16, reflectivo tipo XI, estructura metálica tipo pedestal compuesta por un paral en ángulo de 2"x2"x1/4" y brazo en ángulo de 2"x2"x1/8". | F47: und | G47: =+CANTIDADES!G197 -> 64 | H47: 258430 | I47: =+H47*G47 -> 16539520 | K47: =+I47*$K$63 -> #REF!
E48: TOTAL GRUPO 12 | I48: =SUM(I47) -> 16539520 | K48: =+I48*$K$63 -> #REF! | L48: =SUM(K47) -> #REF!
B49: COSTO BÁSICO | I49: =ROUND(+I45+I40+I27+I24+I16+I21+I48,0) -> 4946346966
B50: ADMINISTRACION | F50: =#REF! -> #REF! | I50: =+I49*F50 -> #REF! | L50: =SUM(L6:L48) -> #REF!
B51: IMPREVISTOS | F51: 0.03 | I51: =F51*I49 -> 1.4839041e+08
B52: UTILIDAD | F52: =+#REF! -> #REF! | I52: =+I49*F52 -> #REF!
B53: TOTAL DEL CONTRATO | F53: =SUM(F50:F52) -> #REF! | I53: =+I52+I50+I49+I51 -> #REF!
B54: PLAN DE MANEJO DE TRANSITO | I54: =#REF! -> #REF! | L54: =+L50+I54+I55+I56+I58 -> #REF!
B55: PLAN DE MANEJO AMBIENTAL | I55: =#REF! -> #REF!
B56: CARACTERIZACION VIAL | G56: =#REF! -> #REF! | H56: 11.553 | I56: =G56*H56 -> #REF! | K56: =I56/1.19 -> #REF!
B57: TOTAL DE LA OBRA | I57: =I53+I54+I55+I56 -> #REF! | K57: =I53+I54+I55+K56 -> #REF!
B58: TOTAL INTERVENTORIA | I58: =#REF! -> #REF! | K58: =I58/I57 -> #REF!
B60: TOTAL PROYECTO | I60: =I57+I58 -> #REF! | K60: 6.7789745e+09 | L60: =I60-K60 -> #REF!
B62: Elaboró: | F62: Aprobó | K62: =+(I50+I51+I52)/I49 -> #REF!
K63: =1+K62 -> #REF!
B68: DARIO MOTOA FALLA | F68: LUIS EDUARDO TOBON CARDONA
B69: Profesional Universitario | F69: Director de planeacion
B70: Matrícula No 17202-19898-CDS | F70: SECRETARIA DE INFRAESTRUCTURA
B71: Planeación SIF

Sheet Ppto TIPO (2)
C3: FORMULARIO 1
C4: PRESUPUESTO OFICIAL
C5: [El presente formulario formulario aplica para los procesos de contratación que tengan como forma de pago precios unitarios, la Entidad debe ajustarlo cuando la modalidad de pago corresponde a: precio global, llave en mano, administración delegada y reembolso de gastos]
C8: Nº | D8: ITEM DE PAGO | E8: ESPECIFICACIONES | G8: DESCRIPCION | H8: UND. | I8: CANTIDAD | J8: VALOR UNITARIO | K8: VALOR TOTAL
E9: GENERAL | F9: PARTICULAR
G10: GRUPO 1 - OBRAS PRELIMINARES
D11: 1.4 | E11: INVIAS | F11: 210 | G11: =+#REF! -> #REF! | H11: =+#REF! -> #REF! | I11: =+#REF! -> #REF! | J11: =ROUND(#REF!*(1+$K$70),0) -> #REF! | K11: =+J11*I11 -> #REF! | N11: =(ROUND(J11,0))*I11 -> #REF! | O11: =+K11-N11 -> #REF! | Q11: =+ROUND(J11,0) -> #REF! | R11: =+Q11*I11 -> #REF!
D12: 1.6.2 | E12: PART. DEPARTAMENTO | F12: 1.6.2 | G12: =+#REF! -> #REF! | H12: =+#REF! -> #REF! | I12: =+#REF! -> #REF! | J12: =ROUNDUP(#REF!*(1+$K$70),0)+1 -> #REF! | K12: =+J12*I12 -> #REF! | N12: =(ROUND(J12,0))*I12 -> #REF! | O12: =+K12-N12 -> #REF! | Q12: =+ROUND(J12,0) -> #REF! | R12: =+Q12*I12 -> #REF!
D13: 1.13 | E13: PART. DEPARTAMENTO | F13: 1.13 | G13: =+#REF! -> #REF! | H13: =+#REF! -> #REF! | I13: =+#REF! -> #REF! | J13: =ROUND(#REF!*(1+$K$70),0) -> #REF! | K13: =+J13*I13 -> #REF! | N13: =(ROUND(J13,0))*I13 -> #REF! | O13: =+K13-N13 -> #REF! | Q13: =+ROUND(J13,0) -> #REF! | R13: =+Q13*I13 -> #REF!
D14: 1.14 | E14: PART. DEPARTAMENTO | F14: 1.14 | G14: =+#REF! -> #REF! | H14: =+#REF! -> #REF! | I14: =+#REF! -> #REF! | J14: =ROUND(#REF!*(1+$K$70),0) -> #REF! | K14: =+J14*I14 -> #REF! | N14: =(ROUND(J14,0))*I14 -> #REF! | O14: =+K14-N14 -> #REF! | Q14: =+ROUND(J14,0) -> #REF! | R14: =+Q14*I14 -> #REF!
D15: 1.14.1 | E15: PART. DEPARTAMENTO | F15: 1.14.1 | G15: =+#REF! -> #REF! | H15: =+#REF! -> #REF! | I15: =+#REF! -> #REF! | J15: =ROUNDUP(#REF!*(1+$K$70),0) -> #REF! | K15: =+J15*I15 -> #REF! | N15: =(ROUND(J15,0))*I15 -> #REF! | O15: =+K15-N15 -> #REF! | Q15: =+ROUND(J15,0) -> #REF! | R15: =+Q15*I15 -> #REF!
D16: 6.41 | E16: INVIAS | F16: 200 | G16: =+#REF! -> #REF! | H16: =+#REF! -> #REF! | I16: =+#REF! -> #REF! | J16: =ROUNDDOWN(#REF!*(1+$K$70),0) -> #REF! | K16: =+J16*I16 -> #REF! | N16: =(ROUND(J16,0))*I16 -> #REF! | O16: =+K16-N16 -> #REF! | Q16: =+ROUND(J16,0) -> #REF! | R16: =+Q16*I16 -> #REF!
D17: 1.18 | E17: INVIAS | F17: 310 | G17: =+#REF! -> #REF! | H17: =+#REF! -> #REF! | I17: =+#REF! -> #REF! | J17: =ROUNDUP(#REF!*(1+$K$70),0) -> #REF! | K17: =+J17*I17 -> #REF! | N17: =(ROUND(J17,0))*I17 -> #REF! | O17: =+K17-N17 -> #REF! | Q17: =+ROUND(J17,0) -> #REF! | R17: =+Q17*I17 -> #REF!
D18: 1.29 | E18: PART. DEPARTAMENTO | F18: 1.29 | G18: =+#REF! -> #REF! | H18: =+#REF! -> #REF! | I18: =+#REF! -> #REF! | J18: =ROUND(#REF!*(1+$K$70),0) -> #REF! | K18: =+J18*I18 -> #REF! | N18: =(ROUND(J18,0))*I18 -> #REF! | O18: =+K18-N18 -> #REF! | Q18: =+ROUND(J18,0) -> #REF! | R18: =+Q18*I18 -> #REF!
C19: Subtotal | K19: =SUM(K11:K18) -> #REF! | N19: =SUM(N11:N18) -> #REF! | O19: =+K19-N19 -> #REF! | Q19: =SUM(Q11:Q18) -> #REF! | R19: =SUM(R11:R18) -> #REF!
G20: GRUPO 2 - AFIRMADO, SUB-BASES Y BASES GRANULARES | O20: =+K20-N20 -> 0
D21: 2.1 | E21: INVIAS | F21: 311 | G21: =+#REF! -> #REF! | H21: =+#REF! -> #REF! | I21: =+#REF! -> #REF! | J21: =ROUND(#REF!*(1+$K$70),0) -> #REF! | K21: =+J21*I21 -> #REF! | N21: =(ROUND(J21,0))*I21 -> #REF! | O21: =+K21-N21 -> #REF! | Q21: =+ROUND(J21,0) -> #REF! | R21: =+Q21*I21 -> #REF!
D22: 2.6 | E22: INVIAS | F22: 330 | G22: =+#REF! -> #REF! | H22: =+#REF! -> #REF! | I22: =+#REF! -> #REF! | J22: =ROUND('PRESUPUESTO TOTAL (2)'!H19*(1+$K$70),0) -> 114446 | K22: =+J22*I22 -> #REF! | N22: =(ROUND(J22,0))*I22 -> #REF! | O22: =+K22-N22 -> #REF! | Q22: =+ROUND(J22,0) -> 114446 | R22: =+Q22*I22 -> #REF!
C23: Subtotal | K23: =SUM(K21:K22) -> #REF! | N23: =SUM(N21:N22) -> #REF! | O23: =+K23-N23 -> #REF! | Q23: =SUM(Q21:Q22) -> #REF! | R23: =SUM(R21:R22) -> #REF!
G24: GRUPO 3 - MOVIMIENTO DE TIERRA Y MATERIALES | O24: =+K24-N24 -> 0
D25: 3.4 | E25: INVIAS | F25: 900 | G25: =+#REF! -> #REF! | H25: =+#REF! -> #REF! | I25: =+#REF! -> #REF! | J25: =ROUND(#REF!*(1+$K$70),0)-1 -> #REF! | K25: =+J25*I25 -> #REF! | N25: =(ROUND(J25,0))*I25 -> #REF! | O25: =+K25-N25 -> #REF! | Q25: =+ROUND(J25,0) -> #REF! | R25: =+Q25*I25 -> #REF!
C26: Subtotal | K26: =+K25 -> #REF! | N26: =+N25 -> #REF! | O26: =+K26-N26 -> #REF! | Q26: =SUM(Q25) -> #REF! | R26: =SUM(R25) -> #REF!
G27: GRUPO 4 - ACERO Y ELEMENTOS METÁLICOS | O27: =+K27-N27 -> 0
D28: 4.1 | E28: INVIAS | F28: 640 | G28: Suministro transporte y colocación de Acero de refuerzo fy=420 Mpa (Grado 60) | H28: kg | I28: =+#REF! -> #REF! | J28: =ROUND(#REF!*(1+$K$70),0) -> #REF! | K28: =+J28*I28 -> #REF! | N28: =(ROUND(J28,0))*I28 -> #REF! | O28: =+K28-N28 -> #REF! | Q28: =+ROUND(J28,0) -> #REF! | R28: =+Q28*I28 -> #REF!
K29: =+K28 -> #REF! | N29: =+N28 -> #REF! | O29: =+K29-N29 -> #REF! | Q29: =SUM(Q28) -> #REF! | R29: =SUM(R28) -> #REF!
G30: GRUPO 6 - CONCRETO, MORTEROS Y OBRAS VARIAS | O30: =+K30-N30 -> 0
D31: 6.1.2 | E31: INVIAS | F31: 600 | G31: =+#REF! -> #REF! | H31: =+#REF! -> #REF! | I31: =+#REF! -> #REF! | J31: =ROUND(#REF!*(1+$K$70),0) -> #REF! | K31: =+J31*I31 -> #REF! | N31: =(ROUND(J31,0))*I31 -> #REF! | O31: =+K31-N31 -> #REF! | Q31: =+ROUND(J31,0) -> #REF! | R31: =+Q31*I31 -> #REF!
D32: 6.2 | E32: INVIAS | F32: 600 | G32: =+#REF! -> #REF! | H32: =+#REF! -> #REF! | I32: =+#REF! -> #REF! | J32: =ROUNDUP(#REF!*(1+$K$70),0) -> #REF! | K32: =+J32*I32 -> #REF! | N32: =(ROUND(J32,0))*I32 -> #REF! | O32: =+K32-N32 -> #REF! | Q32: =+ROUND(J32,0) -> #REF! | R32: =+Q32*I32 -> #REF!
D33: 6.25 | E33: INVIAS | F33: 630 | G33: =+#REF! -> #REF! | H33: =+#REF! -> #REF! | I33: =+#REF! -> #REF! | J33: =ROUND(#REF!*(1+$K$70),0) -> #REF! | K33: =+J33*I33 -> #REF! | N33: =(ROUND(J33,0))*I33 -> #REF! | O33: =+K33-N33 -> #REF! | Q33: =+ROUND(J33,0) -> #REF! | R33: =+Q33*I33 -> #REF!
D34: 6.28 | E34: INVIAS | F34: 630 | G34: =+#REF! -> #REF! | H34: =+#REF! -> #REF! | I34: =+#REF! -> #REF! | J34: =ROUNDUP(#REF!*(1+$K$70),0)+2 -> #REF! | K34: =+J34*I34 -> #REF! | N34: =(ROUND(J34,0))*I34 -> #REF! | O34: =+K34-N34 -> #REF! | Q34: =+ROUND(J34,0) -> #REF! | R34: =+Q34*I34 -> #REF!
D35: 6.35 | E35: INVIAS | F35: 630 | G35: =+#REF! -> #REF! | H35: =+#REF! -> #REF! | I35: =+#REF! -> #REF! | J35: =ROUNDDOWN(#REF!*(1+$K$70),0) -> #REF! | K35: =+J35*I35 -> #REF! | N35: =(ROUND(J35,0))*I35 -> #REF! | O35: =+K35-N35 -> #REF! | Q35: =+ROUND(J35,0) -> #REF! | R35: =+Q35*I35 -> #REF!
D36: 6.36 | E36: INVIAS | F36: 630 | G36: =+#REF! -> #REF! | H36: =+#REF! -> #REF! | I36: =+#REF! -> #REF! | J36: =ROUND(#REF!*(1+$K$70),0) -> #REF! | K36: =+J36*I36 -> #REF! | N36: =(ROUND(J36,0))*I36 -> #REF! | O36: =+K36-N36 -> #REF! | Q36: =+ROUND(J36,0) -> #REF! | R36: =+Q36*I36 -> #REF!
D37: 6.42 | E37: PART. DEPARTAMENTO | F37: 6.42 | G37: =+#REF! -> #REF! | H37: =+#REF! -> #REF! | I37: =+#REF! -> #REF! | J37: =ROUND(#REF!*(1+$K$70),0)+2 -> #REF! | K37: =+J37*I37 -> #REF! | N37: =(ROUND(J37,0))*I37 -> #REF! | O37: =+K37-N37 -> #REF! | Q37: =+ROUND(J37,0) -> #REF! | R37: =+Q37*I37 -> #REF!
D38: 6.44 | E38: PART. DEPARTAMENTO | F38: 6.44 | G38: =+#REF! -> #REF! | H38: =+#REF! -> #REF! | I38: =+#REF! -> #REF! | J38: =ROUNDUP(#REF!*(1+$K$70),0)+1 -> #REF! | K38: =+J38*I38 -> #REF! | N38: =(ROUND(J38,0))*I38 -> #REF! | O38: =+K38-N38 -> #REF! | Q38: =+ROUND(J38,0) -> #REF! | R38: =+Q38*I38 -> #REF!
D39: 6.46 | E39: INVIAS | F39: 201 | G39: =+#REF! -> #REF! | H39: =+#REF! -> #REF! | I39: =+#REF! -> #REF! | J39: =ROUND(#REF!*(1+$K$70),0) -> #REF! | K39: =+J39*I39 -> #REF! | N39: =(ROUND(J39,0))*I39 -> #REF! | O39: =+K39-N39 -> #REF! | Q39: =+ROUND(J39,0) -> #REF! | R39: =+Q39*I39 -> #REF!
D40: 6.71 | E40: INVIAS | F40: 663 | G40: =+#REF! -> #REF! | H40: =+#REF! -> #REF! | I40: =+#REF! -> #REF! | J40: =ROUND(#REF!*(1+$K$70),0) -> #REF! | K40: =+J40*I40 -> #REF! | N40: =(ROUND(J40,0))*I40 -> #REF! | O40: =+K40-N40 -> #REF! | Q40: =+ROUND(J40,0) -> #REF! | R40: =+Q40*I40 -> #REF!
D41: 6.100 | E41: INVIAS | F41: 630-671 | G41: =+#REF! -> #REF! | H41: =+#REF! -> #REF! | I41: =+#REF! -> #REF! | J41: =ROUND(#REF!*(1+$K$70),0)+4 -> #REF! | K41: =+J41*I41 -> #REF! | N41: =(ROUND(J41,0))*I41 -> #REF! | O41: =+K41-N41 -> #REF! | Q41: =+ROUND(J41,0) -> #REF! | R41: =+Q41*I41 -> #REF!
C42: Subtotal | K42: =SUM(K31:K41) -> #REF! | N42: =SUM(N31:N41) -> #REF! | O42: =+K42-N42 -> #REF! | Q42: =SUM(Q31:Q41) -> #REF! | R42: =SUM(R31:R41) -> #REF!
G43: GRUPO 8 - GEOTEXTILES Y PAVIMENTOS | O43: =+K43-N43 -> 0
D44: 8.5 | E44: PART. DEPARTAMENTO | F44: 8.5 | G44: Suministro, transporte e instalación de Geodrén circular, tubería de 4", incluye Geotextil NT 2500 | H44: m | I44: =+#REF! -> #REF! | J44: =ROUNDDOWN(#REF!*(1+$K$70),0) -> #REF! | K44: =+J44*I44 -> #REF! | N44: =(ROUND(J44,0))*I44 -> #REF! | O44: =+K44-N44 -> #REF! | Q44: =+ROUND(J44,0) -> #REF! | R44: =+Q44*I44 -> #REF!
D45: 8.15 | E45: INVIAS | F45: 700 | G45: Línea de demarcación con pintura acrílica en frío. | H45: m | I45: =+#REF! -> #REF! | J45: =ROUNDDOWN(#REF!*(1+$K$70),0) -> #REF! | K45: =+J45*I45 -> #REF! | N45: =(ROUND(J45,0))*I45 -> #REF! | O45: =+K45-N45 -> #REF! | Q45: =+ROUND(J45,0) -> #REF! | R45: =+Q45*I45 -> #REF!
D46: 8.28.2 | E46: INVIAS | F46: 420-450 | G46: Suministro, colocación y compactación de mezcla asfáltica MSC-19. con asfalto normalizado, incluye imprimacion, No incluye transporte | H46: m³ | I46: =+#REF! -> #REF! | J46: =ROUNDUP(#REF!*(1+$K$70),0) -> #REF! | K46: =+J46*I46 -> #REF! | N46: =(ROUND(J46,0))*I46 -> #REF! | O46: =+K46-N46 -> #REF! | Q46: =+ROUND(J46,0) -> #REF! | R46: =+Q46*I46 -> #REF!
C47: Subtotal | K47: =SUM(K44:K46) -> #REF! | N47: =SUM(N44:N46) -> #REF! | O47: =+K47-N47 -> #REF! | Q47: =SUM(Q44:Q46) -> #REF! | R47: =SUM(R44:R46) -> #REF!
G48: GRUPO 12 - SEÑALIZACION | O48: =+K48-N48 -> 0
D49: 12.8 | E49: INVIAS | F49: 710 | G49: Suministro, transporte e instalación de señal vertical de 75 cm x 75 cm en lámina galvanizada calibre 16, reflectivo tipo XI, estructura metálica tipo pedestal compuesta por un paral en ángulo de 2"x2"x1/4" y brazo en ángulo de 2"x2"x1/8". | H49: und | I49: 64 | J49: =ROUNDUP(#REF!*(1+$K$70),0)+1 -> #REF! | K49: =+J49*I49 -> #REF! | N49: =(ROUND(J49,0))*I49 -> #REF! | O49: =+K49-N49 -> #REF! | Q49: =+ROUND(J49,0) -> #REF! | R49: =+Q49*I49 -> #REF!
C50: Subtotal | K50: =+K49 -> #REF! | N50: =+N49 -> #REF! | O50: =+K50-N50 -> #REF! | Q50: =+Q49 -> #REF! | R50: =+R49 -> #REF!
C51: SUBTOTAL OBRAS | K51: =+K50+K47+K42+K29+K26+K23+K19 -> #REF! | N51: =+N50+N47+N42+N29+N26+N23+N19 -> #REF! | O51: =+K51-N51 -> #REF! | P51: =+K51-#REF! -> #REF! | Q51: =+Q50+Q47+Q42+Q29+Q26+Q23+Q19 -> #REF! | R51: =+R50+R47+R42+R29+R26+R23+R19 -> #REF!
P52: =+K51-#REF! -> #REF! | Q52: Diff Pajustado - Pinicial
G53: PROVISION PARA AJUSTES, OBRAS COMPLEMENTARIAS Y/O ADICIONALES | R53: =+R51-K51 -> #REF! | S53: =+R53/R51 -> #REF!
G56: SUBTOTAL OBRAS (INCLUYE IVA) | K56: =+K51 -> #REF! | R56: =+R51 -> #REF!
G57: PLAN DE MANEJO DE TRANSITO | K57: 7491688 | R57: 7491688
G58: PLAN DE MANEJO AMBIENTAL | K58: 39968328 | R58: 39968328
G59: CARACTERIZACION VIAL | H59: km | I59: 777221 | J59: =+#REF! -> #REF! | K59: =ROUND(J59*I59,0) -> #REF! | R59: =ROUND(J59*I59,0) -> #REF!
G63: VALOR TOTAL | K63: =+K59+K58+K57+K56 -> #REF! | P63: =+K63-#REF! -> #REF! | Q63: =+K63-#REF! -> #REF! | R63: 6567604946
P64: =+#REF!-'Ppto TIPO (2)'!K51 -> #REF! | R64: =+K63-R63 -> #REF!
C65: VALOR TOTAL EN LETRAS:
C66: NOTA 1: | H66: DESCRIPCION | K66: PORCENTAJE
C67: NOTA 2: | H67: ADMINISTRACION | J67: A= | K67: 0.2519
C68: NOTA 3: Se debe tener en cuenta que el PRECIO UNITARIO incluye el valor de A.I.U. | H68: IMPREVISTO | J68: I= | K68: 0.0145
C69: NOTA 4: Cuando la fracción decimal del peso sea igual o superior a 5 se aproximara por exceso al número entero siguiente del peso y cuando la fracción decimal del peso sea inferior a 5 se aproximará por defecto al número entero del peso. | H69: UTILIDAD | J69: U= | K69: 0.05
C70: NOTA 5: El A.I.U y su discriminación deben estar en porcentaje (%). | H70: TOTAL A.I.U | J70: A.I.U.= | K70: =SUM(K67:K69) -> 0.3164
C71: NOTA 6: El reconocimiento económico de los requerimientos ambientales exigidos por las autoridades ambientales, y/o sociales que son de obligatorio cumplimiento, serán reconocidos a cargo de reembolso de gastos (afectados por un % de administracion).(Ajustar de acuerdo al proyecto)

Sheet GRUPO MGA
B2: CONSERVACIÓN, MANTENIMIENTO Y REHABILITACIÓN DE LAS VIAS A CARGO DEL DEPARTAMENTO DE ANTIOQUIA EN LA SUBREGIÓN SUROESTE
A4: GRUPO | B4: DESCRIPCION | C4: VALOR PRESUPUESTADO (COSTO DIRECTO) | D4: VALOR POR AU Y OTROS GASTOS | E4: MANO DE OBRA CALIFICADA | G4: MANO DE OBRA NO CALIFICADA | I4: TRANSPORTE | K4: MATERIALES | M4: MAQUINARIA Y EQUIPO | P4: TOTAL MGA
A5: 1 | B5: REALIZAR OBRAS PRELIMINARES | C5: =+#REF! -> #REF! | D5: =C5*(1+#REF!) -> #REF! | E5: 0.03 | F5: =+ROUND($D5*E5,0) -> #REF! | G5: 0.07 | H5: =+ROUND($D5*G5,0)-1 -> #REF! | J5: =+ROUND($D5*I5,0) -> #REF! | L5: =+ROUND($D5*K5,0) -> #REF! | M5: 0.9 | N5: =+ROUND($D5*M5,0) -> #REF! | P5: =+F5+H5+J5+L5+N5 -> #REF! | Q5: =+D5-P5 -> #REF!
A6: 2 | B6: REALIZAR AFIRMADO, SUB-BASES Y BASES GRANULARES | C6: =+#REF! -> #REF! | D6: =C6*(1+#REF!) -> #REF! | E6: 0.03 | F6: =+ROUND($D6*E6,0) -> #REF! | G6: 0.12 | H6: =+ROUND($D6*G6,0)-1 -> #REF! | I6: 0.05 | J6: =+ROUND($D6*I6,0) -> #REF! | K6: 0.7 | L6: =+ROUND($D6*K6,0) -> #REF! | M6: 0.1 | N6: =+ROUND($D6*M6,0) -> #REF! | P6: =+F6+H6+J6+L6+N6 -> #REF! | Q6: =+D6-P6 -> #REF!
A7: 3 | B7: REALIZAR MOVIMIENTO DE TIERRA Y MATERIALES | C7: =+#REF! -> #REF! | D7: =C7*(1+#REF!) -> #REF! | E7: 0.03 | F7: =+ROUND($D7*E7,0) -> #REF! | G7: 0.05 | H7: =+ROUND($D7*G7,0) -> #REF! | I7: 0.3 | J7: =+ROUND($D7*I7,0) -> #REF! | K7: 0.5 | L7: =+ROUND($D7*K7,0) -> #REF! | M7: 0.12 | N7: =+ROUND($D7*M7,0) -> #REF! | P7: =+F7+H7+J7+L7+N7 -> #REF! | Q7: =+D7-P7 -> #REF!
A8: 4 | B8: INSTALACION DE ACERO Y ELEMENTOS METÁLICOS | C8: =+#REF! -> #REF! | D8: =C8*(1+#REF!) -> #REF! | E8: 0.03 | F8: =+ROUND($D8*E8,0) -> #REF! | G8: 0.12 | H8: =+ROUND($D8*G8,0) -> #REF! | I8: 0.05 | J8: =+ROUND($D8*I8,0) -> #REF! | K8: 0.7 | L8: =+ROUND($D8*K8,0) -> #REF! | M8: 0.1 | N8: =+ROUND($D8*M8,0) -> #REF! | P8: =+F8+H8+J8+L8+N8 -> #REF! | Q8: =+D8-P8 -> #REF!
A9: 6 | B9: REALIZAR OBRAS DE CONCRETO, MORTEROS Y OBRAS VARIAS | C9: =+#REF! -> #REF! | D9: =C9*(1+#REF!) -> #REF! | E9: 0.03 | F9: =+ROUND($D9*E9,0) -> #REF! | G9: 0.12 | H9: =+ROUND($D9*G9,0) -> #REF! | I9: 0.05 | J9: =+ROUND($D9*I9,0) -> #REF! | K9: 0.7 | L9: =+ROUND($D9*K9,0) -> #REF! | M9: 0.1 | N9: =+ROUND($D9*M9,0) -> #REF! | P9: =+F9+H9+J9+L9+N9 -> #REF! | Q9: =+D9-P9 -> #REF!
A10: 8 | B10: INSTALACION DE GEOTEXTILES Y PAVIMENTOS | C10: =+#REF! -> #REF! | D10: =C10*(1+#REF!) -> #REF! | E10: 0.03 | F10: =+ROUND($D10*E10,0) -> #REF! | G10: 0.05 | H10: =+ROUND($D10*G10,0)+1 -> #REF! | I10: 0.3 | J10: =+ROUND($D10*I10,0) -> #REF! | K10: 0.5 | L10: =+ROUND($D10*K10,0) -> #REF! | M10: 0.12 | N10: =+ROUND($D10*M10,0) -> #REF! | P10: =+F10+H10+J10+L10+N10 -> #REF! | Q10: =+D10-P10 -> #REF!
A11: 12 | B11: INSTALACION DE SEÑALIZACION | C11: =+#REF! -> #REF! | D11: =C11*(1+#REF!) -> #REF! | G11: 0.07 | H11: =+ROUND($D11*G11,0) -> #REF! | I11: 0.01 | J11: =+ROUND($D11*I11,0) -> #REF! | K11: 0.92 | L11: =+ROUND($D11*K11,0) -> #REF! | P11: =+F11+H11+J11+L11+N11 -> #REF! | Q11: =+D11-P11 -> #REF!
P12: =+F12+H12+J12+L12+N12 -> 0 | Q12: =+D12-P12 -> 0
B13: PLAN DE MANEJO DE TRANSITO | C13: =#REF! -> #REF! | D13: =C13 -> #REF! | E13: 1 | F13: =D13 -> #REF! | P13: =F13 -> #REF!
B14: PLAN DE MANEJO AMBIENTAL | C14: =#REF! -> #REF! | D14: =C14 -> #REF! | E14: 1 | F14: =D14 -> #REF! | P14: =F14 -> #REF!
B15: CARACTERIZACION VIAL | C15: =#REF! -> #REF! | D15: =C15 -> #REF! | E15: 1 | F15: =E15*D15 -> #REF! | P15: =+F15+H15+J15+L15+N15 -> #REF! | Q15: =+D15-P15 -> #REF!
B16: REALIZAR INTERVENTORÍA | C16: =#REF! -> #REF! | D16: =+C16 -> #REF! | E16: 1 | F16: =+ROUND($D16*E16,0) -> #REF! | P16: =+F16+H16+J16+L16+N16 -> #REF! | Q16: =+D16-P16 -> #REF!
C17: =SUM(C5:C16) -> #REF! | D17: =SUM(D5:D16) -> #REF! | F17: =SUM(F5:F16) -> #REF! | H17: =SUM(H5:H16) -> #REF! | J17: =SUM(J5:J16) -> #REF! | L17: =SUM(L5:L16) -> #REF! | N17: =SUM(N5:N16) -> #REF! | P17: =SUM(F17:O17) -> #REF! | Q17: =+D17-P17 -> #REF!
D18: =ROUND(+#REF!,0) -> #REF! | P18: =SUM(P5:P16) -> #REF!
Q24: =+P5+P6+P7+P8+P9+P10+P11+P13+P14+P16 -> #REF!
Q26: =+Q24+P15 -> #REF!

Sheet Cortes y Llenos
A1: CUADRO DE VOLUMENES Y LLENOS. DISEÑO GEOMETRICO
A3: ABSCISA | B3: AREA CORTE | C3: AREA LLENO | D3: VOLUMEN CORTE | E3: VOLUMEN LLENO | H3: AREA CORTE | I3: AREA LLENO | J3: VOLUMEN CORTE | K3: VOLUMEN LLENO
A5: 133.00 | B5: 2.24 | H5: 2.24
D6: 12.74 | E6: 0.23 | J6: 12.74 | K6: 0.23
A7: 140.00 | B7: 1.40 | C7: 0.10 | H7: 1.4 | I7: 0.1
D8: 12.90 | E8: 0.60 | J8: 12.9 | K8: 0.6
A9: 150.00 | B9: 1.18 | C9: 0.02 | H9: 1.18 | I9: 0.02
D10: 11.20 | E10: 0.07 | J10: 11.2 | K10: 0.07
A11: 160.00 | B11: 1.06 | H11: 1.06
D12: 8.45 | E12: 0.00 | J12: 8.45 | K12: 0
A13: 170.00 | B13: 0.63 | H13: 0.63
D14: 4.15 | E14: 0.13 | J14: 4.15 | K14: 0.13
A15: 180.00 | B15: 0.20 | C15: 0.04 | H15: 0.2 | I15: 0.04
D16: 1.35 | E16: 0.35 | J16: 1.35 | K16: 0.35
A17: 190.00 | B17: 0.07 | C17: 0.03 | H17: 0.07 | I17: 0.03
D18: 2.05 | E18: 0.25 | J18: 2.05 | K18: 0.25
A19: 200.00 | B19: 0.34 | C19: 0.02 | H19: 0.34 | I19: 0.02
D20: 5.50 | E20: 0.07 | J20: 5.5 | K20: 0.07
A21: 210.00 | B21: 0.76 | H21: 0.76
D22: 7.75 | E22: 0.00 | J22: 7.75 | K22: 0
A23: 220.00 | B23: 0.79 | H23: 0.79
D24: 9.25 | E24: 0.00 | J24: 9.25 | K24: 0
A25: 230.00 | B25: 1.06 | H25: 1.06
D26: 13.45 | E26: 0.00 | J26: 13.45 | K26: 0
A27: 240.00 | B27: 1.63 | H27: 1.63
D28: 13.35 | E28: 0.03 | J28: 13.35 | K28: 0.03
A29: 250.00 | B29: 1.04 | C29: 0.01 | H29: 1.04 | I29: 0.01
D30: 8.70 | E30: 1.20 | J30: 8.7 | K30: 1.2
A31: 260.00 | B31: 0.70 | C31: 0.23 | H31: 0.7 | I31: 0.23
D32: 7.40 | E32: 0.77 | J32: 7.4 | K32: 0.77
A33: 270.00 | B33: 0.78 | H33: 0.78
D34: 6.70 | E34: 0.00 | J34: 6.7 | K34: 0
A35: 280.00 | B35: 0.56 | H35: 0.56
D36: 4.35 | E36: 2.43 | J36: 4.35 | K36: 2.43
A37: 290.00 | B37: 0.31 | C37: 0.73 | H37: 0.31 | I37: 0.73
D38: 2.50 | E38: 7.70 | J38: 2.5 | K38: 7.7
A39: 300.00 | B39: 0.19 | C39: 0.81 | H39: 0.19 | I39: 0.81
D40: 0.63 | E40: 7.10 | J40: 0.63 | K40: 7.1
A41: 310.00 | C41: 0.61 | I41: 0.61
D42: 0.07 | E42: 6.10 | J42: 0.07 | K42: 6.1
A43: 320.00 | B43: 0.02 | C43: 0.61 | H43: 0.02 | I43: 0.61
D44: 0.07 | E44: 6.45 | J44: 0.07 | K44: 6.45
A45: 330.00 | C45: 0.68 | I45: 0.68
D46: 0.00 | E46: 5.70 | J46: 0 | K46: 5.7
A47: 340.00 | C47: 0.46 | I47: 0.46
D48: 0.00 | E48: 4.70 | J48: 0 | K48: 4.7
A49: 350.00 | C49: 0.48 | I49: 0.48
D50: 1.83 | E50: 5.10 | J50: 1.83 | K50: 5.1
A51: 360.00 | B51: 0.55 | C51: 0.54 | H51: 0.55 | I51: 0.54
D52: 3.35 | E52: 4.55 | J52: 3.35 | K52: 4.55
A53: 370.00 | B53: 0.12 | C53: 0.37 | H53: 0.12 | I53: 0.37
D54: 6.10 | E54: 2.00 | J54: 6.1 | K54: 2
A55: 380.00 | B55: 1.10 | C55: 0.03 | H55: 1.1 | I55: 0.03
D56: 11.90 | E56: 0.10 | J56: 11.9 | K56: 0.1
A57: 390.00 | B57: 1.28 | H57: 1.28
D58: 8.60 | E58: 0.40 | J58: 8.6 | K58: 0.4
A59: 400.00 | B59: 0.44 | C59: 0.12 | H59: 0.44 | I59: 0.12
D60: 4.65 | E60: 1.80 | J60: 4.65 | K60: 1.8
A61: 410.00 | B61: 0.49 | C61: 0.24 | H61: 0.49 | I61: 0.24
D62: 4.10 | E62: 4.45 | J62: 4.1 | K62: 4.45
A63: 420.00 | B63: 0.33 | C63: 0.65 | H63: 0.33 | I63: 0.65
D64: 3.20 | E64: 9.75 | J64: 3.2 | K64: 9.75
A65: 430.00 | B65: 0.31 | C65: 1.30 | H65: 0.31 | I65: 1.3
D66: 2.05 | E66: 10.50 | J66: 2.05 | K66: 10.5
A67: 440.00 | B67: 0.10 | C67: 0.80 | H67: 0.1 | I67: 0.8
D68: 2.80 | E68: 5.40 | J68: 2.8 | K68: 5.4
A69: 450.00 | B69: 0.46 | C69: 0.28 | H69: 0.46 | I69: 0.28
D70: 1.53 | E70: 8.05 | J70: 1.53 | K70: 8.05
A71: 460.00 | C71: 1.33 | I71: 1.33
D72: 2.07 | E72: 7.50 | J72: 2.07 | K72: 7.5
A73: 470.00 | B73: 0.62 | C73: 0.17 | H73: 0.62 | I73: 0.17
D74: 6.15 | E74: 2.85 | J74: 6.15 | K74: 2.85
A75: 480.00 | B75: 0.61 | C75: 0.40 | H75: 0.61 | I75: 0.4
D76: 5.40 | E76: 2.85 | J76: 5.4 | K76: 2.85
A77: 490.00 | B77: 0.47 | C77: 0.17 | H77: 0.47 | I77: 0.17
D78: 7.85 | E78: 3.20 | J78: 7.85 | K78: 3.2
A79: 500.00 | B79: 1.10 | C79: 0.47 | H79: 1.1 | I79: 0.47
D80: 7.60 | E80: 3.90 | J80: 7.6 | K80: 3.9
A81: 510.00 | B81: 0.42 | C81: 0.31 | H81: 0.42 | I81: 0.31
D82: 2.90 | E82: 1.65 | J82: 2.9 | K82: 1.65
A83: 520.00 | B83: 0.16 | C83: 0.02 | H83: 0.16 | I83: 0.02
D84: 1.45 | E84: 0.45 | J84: 1.45 | K84: 0.45
A85: 530.00 | B85: 0.13 | C85: 0.07 | H85: 0.13 | I85: 0.07
D86: 0.43 | E86: 2.80 | J86: 0.43 | K86: 2.8
A87: 540.00 | C87: 0.49 | I87: 0.49
D88: 0.00 | E88: 7.40 | J88: 0 | K88: 7.4
A89: 550.00 | C89: 0.99 | I89: 0.99
D90: 0.27 | E90: 8.75 | J90: 0.27 | K90: 8.75
A91: 560.00 | B91: 0.08 | C91: 0.76 | H91: 0.08 | I91: 0.76
D92: 0.70 | E92: 5.95 | J92: 0.7 | K92: 5.95
A93: 570.00 | B93: 0.06 | C93: 0.43 | H93: 0.06 | I93: 0.43
D94: 0.80 | E94: 5.00 | J94: 0.8 | K94: 5
A95: 580.00 | B95: 0.10 | C95: 0.57 | H95: 0.1 | I95: 0.57
D96: 0.33 | E96: 6.80 | J96: 0.33 | K96: 6.8
A97: 590.00 | C97: 0.79 | I97: 0.79
D98: 0.00 | E98: 7.15 | J98: 0 | K98: 7.15
A99: 600.00 | B99: 0.00 | C99: 0.64 | H99: 0 | I99: 0.64
D100: 0.03 | E100: 8.10 | J100: 0.03 | K100: 8.1
A101: 610.00 | B101: 0.01 | C101: 0.98 | H101: 0.01 | I101: 0.98
D102: 1.10 | E102: 7.50 | J102: 1.1 | K102: 7.5
...

Sheet AIU con omt-paga- y cv
B3: GOBERNACIÓN DE ANTIOQUIA
B4: SECRETARÍA DE INFRAESTRUCTURA FÍSICA
B5: =+#REF! -> #REF!
B6: DISCRIMINACION DEL AIU
B7: N° | C7: DESCRIPCIÓN | D7: CANT | E7: VALOR MENSUAL | F7: PRESTAC. SOCIALES | G7: DEDICA-CION % | H7: PLAZO - MESES | I7: VALOR PARCIAL
B8: 1 | C8: PERSONAL PROFESIONAL | I8: =SUM(I9:I17) -> 166137939
B9: 1.1 | C9: Profesional Director de Obra | D9: 1 | E9: 5532552 | F9: 1.65 | G9: 0.5 | H9: 6 | I9: =+D9*E9*F9*G9*H9 -> 27386132
C10: Profesional Director de Obra (Para licencias y permisos) | D10: 1 | E10: =E9 -> 5532552 | F10: 1.65 | G10: 0.1 | H10: 3 | I10: =+D10*E10*F10*G10*H10 -> 2738613.2
B11: =B9+0.1 -> 1.2 | C11: Especialista en Geotecnia vial y pavimentos | D11: 1 | E11: 5532552 | F11: 1.65 | G11: 0.1 | H11: =H9 -> 6 | I11: =+D11*E11*F11*G11*H11 -> 5477226.5
B12: =B11+0.1 -> 1.3 | C12: Profesional Residente de obra | D12: 1 | E12: 4565568 | F12: 1.65 | G12: 1 | H12: =+H9 -> 6 | I12: =+D12*E12*F12*G12*H12 -> 45199123
B13: =B12+0.1 -> 1.4 | C13: Profesional Residente Ambiental y SISO | D13: 1 | E13: 3829752 | F13: 1.65 | G13: 1 | H13: 6 | I13: =+D13*E13*F13*G13*H13 -> 37914545
C14: Profesional Residente Ambiental y SISO (Tiempo para licencias y permisos) | D14: 1 | E14: =E13 -> 3829752 | F14: 1.65 | G14: 0.2 | H14: 3 | I14: =+D14*E14*F14*G14*H14 -> 3791454.5
B15: =B13+0.1 -> 1.5 | C15: Profesional del Área Social | D15: 1 | E15: 3829752 | F15: 1.65 | G15: 0.5 | H15: =+H13 -> 6 | I15: =+D15*E15*F15*G15*H15 -> 18957272
B16: =B15+0.1 -> 1.6 | C16: Tecnologo de obras civiles | D16: 1 | E16: 2492280 | F16: 1.65 | G16: 1 | H16: =+H15 -> 6 | I16: =+D16*E16*F16*G16*H16 -> 24673572
B17: =B16+0.1 -> 1.7 | C17: Tecnólogo SISO | D17: 1 | E17: 2492280 | F17: 1.65 | G17: 0 | H17: =+H16 -> 6 | I17: =+D17*E17*F17*G17*H17 -> 0
B18: 2 | C18: PERSONAL TÉCNICO NO PROFESIONAL - OBRA | I18: =SUM(I19:I22) -> 50252672
B19: 2.1 | C19: Encargado de Campamento | D19: 1 | E19: 1482984 | F19: 1.75 | G19: 1 | H19: =+H17 -> 6 | I19: =+D19*E19*F19*G19*H19 -> 15571332
B20: 2.2 | C20: Brigadista | D20: 1 | E20: 925148 | F20: 1.75 | G20: 0 | H20: =H9 -> 6 | I20: =+D20*E20*F20*G20*H20 -> 0
B21: 2.3 | C21: Auxiliar PARE Y SIGA | D21: 2 | E21: 828116 | F21: 1.75 | G21: 1 | H21: =H9 -> 6 | I21: =+D21*E21*F21*G21*H21 -> 17390436
B22: 2.3 | C22: Prima de localización para personal en obra | I22: =SUM(I23:I30) -> 17290904
B23: 2.2 | C23: Gastos de Viaje Director * | D23: 1 | E23: 686147 | F23: 1 | G23: =G9 -> 0.5 | H23: =H9 -> 6 | I23: =+D23*E23*F23*G23*H23 -> 2058441
B24: =B23+0.1 -> 2.3 | C24: Gastos especialista | D24: =D11 -> 1 | E24: =E23 -> 686147 | F24: 1 | G24: =G11 -> 0.1 | H24: =H9 -> 6 | I24: =+D24*E24*F24*G24*H24 -> 411688.2
B25: =B24+0.1 -> 2.4 | C25: Gastos de Viaje Residente * | D25: 1 | E25: 686147 | F25: 1 | G25: =G12 -> 1 | H25: =+H23 -> 6 | I25: =+D25*E25*F25*G25*H25 -> 4116882
B26: =B25+0.1 -> 2.5 | C26: Gastos de Viaje Ambiental y SISO * | D26: 1 | E26: 686147 | F26: 1 | G26: =G13 -> 1 | H26: =H13 -> 6 | I26: =+D26*E26*F26*G26*H26 -> 4116882
C27: Gastos de Viajes Ambienta y SISO (Dursante el tiempo de licencia y permisos) | D27: 1 | E27: 686147 | F27: 1 | G27: =G14 -> 0.2 | H27: =H14 -> 3 | I27: =+D27*E27*F27*G27*H27 -> 411688.2
B28: =B26+0.1 -> 2.6 | C28: Gastos de Viaje Social * | D28: 1 | E28: 686147 | F28: 1 | G28: =G15 -> 0.5 | H28: =H9 -> 6 | I28: =+D28*E28*F28*G28*H28 -> 2058441
B29: =B28+0.1 -> 2.7 | C29: Gastos de Viaje Tecnólogo obras civiles * | D29: 1 | E29: 686147 | F29: 1 | G29: =G16 -> 1 | H29: =+H28 -> 6 | I29: =+D29*E29*F29*G29*H29 -> 4116882
B30: =B29+0.1 -> 2.8 | C30: Gastos de Viaje Tecnólogo SISO * | D30: 1 | E30: 686147 | F30: 1 | G30: =G17 -> 0 | H30: =+H29 -> 6 | I30: =+D30*E30*F30*G30*H30 -> 0
B31: 3 | C31: GASTOS DE OFICINA CENTRAL | I31: =SUM(I32:I34)+I36 -> 36567781
B32: 3.1 | C32: Secretaria oficina central | D32: 1 | E32: 1107336 | F32: 1.75 | G32: 0.05 | H32: =+H30 -> 6 | I32: =+D32*E32*F32*G32*H32 -> 581351.4
B33: 3.2 | C33: Mensajero | D33: 1 | E33: 1107336 | F33: 1.75 | G33: 0.05 | H33: =+H32 -> 6 | I33: =+D33*E33*F33*G33*H33 -> 581351.4
B34: 3.5 | C34: Arriendo de oficina y servicios públicos en obra | D34: 1 | E34: 3436926 | F34: 1 | G34: 0.05 | H34: =+H33 -> 6 | I34: =+D34*E34*F34*G34*H34 -> 1031077.8
E35: Dias al mes | F35: Valor del dia | H35: Plazo - MESES
B36: 3.6 | C36: Comisión de Topografía, (incluye personal y equipo). Comisión de topografía para localización, trazado y replanteo con equipo de precisión con estación total, topógrafo, 2 cadeneros, obrero; incluye demarcación, pintura línea de trazado, memorias de cálculo, copia de carteras, también transporte, salarios, prestaciones sociales, imprevistos y utilidades. Se paga por dia efectivamente utilizado . | D36: Día-mes | E36: 8 | F36: 716125 | G36: 1 | H36: =H30 -> 6 | I36: =E36*F36*G36*H36 -> 34374000
B37: 4 | C37: INSTALACIONES PROVISIONALES | I37: =I38 -> 5479920
B38: 4.1 | C38: Campamentos en obra (Incluye arrendamiento enseres y servicios públicos) | D38: 1 | E38: 913320 | F38: 1 | G38: 1 | H38: =+H34 -> 6 | I38: =+D38*E38*F38*G38*H38 -> 5479920
B39: 5 | C39: SISTEMAS DE CÓMPUTO Y COMUNICACIÓN | I39: =SUM(I40:I43) -> 9373320
B40: 5.1 | C40: Computadores en obra (Con office).Mensual | D40: =+SUM(D9:D17)-1-1-1 -> 6 | E40: 123850 | F40: 1 | G40: 1 | H40: =+H38 -> 6 | I40: =+D40*E40*F40*G40*H40 -> 4458600
B41: 5.2 | C41: Impresora en obra (alquiler) | D41: 1 | E41: 38000 | F41: 1 | G41: 1 | H41: =H40 -> 6 | I41: =E41*F41*G41*H41 -> 228000
B42: 5.3 | C42: Comunicaciones en obra (Teléfono, celular, fax, Internet, etc.) Mensual | D42: =D40 -> 6 | E42: 113520 | F42: 1 | G42: 1 | H42: =+H40 -> 6 | I42: =+D42*E42*F42*G42*H42 -> 4086720
B43: 5.4 | C43: Radioteléfonos abanderados | D43: 2 | E43: 50000 | H43: =H9 -> 6 | I43: =D43*E43*H43 -> 600000
B44: 6 | C44: TRANSPORTE DE PERSONAL | I44: =SUM(I45:I46) -> 33762480
B45: 6.1 | C45: Vehículo doble tracción, doble cabina, 2400 CC o superior (modelo 2010 o superior) tarifa de alquiler tiempo completo, incluye combustible y conductor. Se debe garantizar permanencia de los vehículos durante toda la ejecución del proyecto. | D45: 1 | E45: 5227080 | F45: 1 | G45: 1 | H45: =+H42 -> 6 | I45: =D45*E45*F45*G45*H45 -> 31362480
B46: 6.2 | C46: Moto Alquiler modelo 2010 o superior - tarifa de alquiler | D46: 1 | E46: 400000 | F46: 1 | G46: 1 | H46: =+H45 -> 6 | I46: =D46*E46*F46*G46*H46 -> 2400000
B47: 7 | C47: ENSAYOS DE LABORATORIO | I47: =SUM(I48:I56) -> 10095902
C48: Granulometría por tamizado con lavado sobre tamiz No 200 | D48: unidad | E48: =ROUND(CANTIDADES!C8/500,0) -> 10 | F48: 61047 | I48: =E48*F48 -> 610470
C49: Desgaste en la máquina de los ángeles en seco a 100, 500 o 1000 rev | D49: unidad | E49: =E48 -> 10 | F49: 123046 | I49: =E49*F49 -> 1230460
C50: Partículas Deleznables | D50: unidad | E50: =E49 -> 10 | F50: 51051 | I50: =E50*F50 -> 510510
C51: Proctor Modificado | D51: unidad | E51: =E50 -> 10 | F51: 113704 | I51: =E51*F51 -> 1137040
C52: CBR laboratorio remodelado y sumergido suelos granulares (no inlcuye proctor) | D52: unidad | E52: =E51 -> 10 | F52: 354977 | I52: =E52*F52 -> 3549770
C53: Diseños de mezclas de concreto con ensayos dos agregados | D53: unidad | E53: 2 | F53: 658963 | I53: =E53*F53 -> 1317926
C54: Resistencia a la compresión de cilindros de concreto (método normal) | D54: unidad | E54: 44 | F54: 8449 | I54: =E54*F54 -> 371756
C55: Contenido de asfalto | D55: unidad | E55: =E48 -> 10 | F55: 69800 | I55: =E55*F55 -> 698000
C56: Elaboración de briquetas Marshal: densidad, estabilidad y flujo | D56: unidad | E56: =E48 -> 10 | F56: 66997 | I56: =E56*F56 -> 669970
B57: 8 | C57: PPTO PLAN DE MANEJO DEL TRANSITO | I57: =SUM(I58:I68) -> 7491688
B58: N° | C58: DESCRIPCIÓN | D58: Und | E58: CANT | F58: VALOR UNITARIO | G58: DEDICA-CION % | H58: PLAZO - MESES | I58: VALOR PARCIAL
B59: 8.1 | C59: Señalizacion
B60: 8,1,1 | C60: Señales verticales según manual de señalizacion vial, 75*75 | D60: unidad | E60: 14 | F60: 258430 | I60: =+F60*E60 -> 3618020
B61: 8.2 | C61: Dispositivos para canalizar el transito
B62: 8,2,2 | C62: Barricadas con franjas reflectivas de 1,5x2,0m | D62: unidad | E62: 4 | F62: 226086 | I62: =+F62*E62 -> 904344
B63: 8,2,3 | C63: Maletin o barrera de contencion vial de 2m x 1m | D63: unidad | E63: 6 | F63: 203732 | I63: =+F63*E63 -> 1222392
B64: 8,2,4 | C64: Conos de 0,9 y dos franjas refrectivas tipo IV diamante. | D64: unidad | E64: 16 | F64: 43429 | I64: =+F64*E64 -> 694864
B65: 8,2,6 | C65: Caneca reflectiva plastica | D65: unidad | E65: 4 | F65: 102900 | I65: =+F65*E65 -> 411600
B66: 8,2,7 | C66: Resalto Vial reductor de velocidad en caucho | D66: unidad | E66: 4 | F66: 102900 | I66: =+F66*E66 -> 411600
B67: 8.3 | C67: Abanderados
B68: 8.31 | C68: Paleta de pare y siga | D68: unidad | E68: 4 | F68: 57217 | I68: =+F68*E68 -> 228868
B69: 9 | C69: INVERSIÓN AMBIENTAL, SST Y SOCIAL | I69: =SUM(I70:I122) -> 39968328
B70: 9.1 | C70: PROGRAMA/PROYECTO GESTIÓN AMBIENTAL
B71: 9,1,1 | C71: ACTIVIDADES DE CAPACITACIÓN
B72: 9,1,1,1 | C72: Capacitaciones personal de obra. Incluye material plegables y didáctico | D72: unidad | E72: 4 | F72: 100000 | I72: =+F72*E72 -> 400000
B73: 9,1,2 | C73: CUMPLIMENTO DE REQUISITOS LEGALES
B74: 9,1,2,1 | C74: Tramite de permiso de Ocupación de Cauce (Evaluación, contro y seguimiento, considerando un mismo expediente) | D74: unidad | E74: 1 | F74: 1052000 | I74: =+F74*E74 -> 1052000
B75: 9,1,3 | C75: MANEJO Y DISPOSICION FINAL DE RESIDUOS SOLIDOS CONVENCIONALES Y ESPECIALES
B76: 9,1,3,1 | C76: 1 juego de tres recipientes o canecas de 55 galones Incluye IVA | D76: Un | E76: 2 | F76: 185000 | I76: =+F76*E76 -> 370000
B77: 9,1,3,2 | C77: 1 juego de tres canecas o recipientes de 5 galones (para campamento y frente de obra) Incluye IVA | D77: Un | E77: 1 | F77: 85000 | I77: =+F77*E77 -> 85000
B78: 9,1,3,3 | C78: Bolsas polietileno alta densidad (paquete 100 unidades de 100 x 100). Incluye IVA | D78: Un | E78: 3 | F78: 19040 | I78: =+F78*E78 -> 57120
B79: 9,1,3,4 | C79: Bolsas polietileno alta densidad (paquete 100 unidades de 24x24) | D79: Un | E79: 2 | F79: 10115 | I79: =+F79*E79 -> 20230
B80: 9,1,3,5 | C80: Disposición de residuos peligrosos y especiales con empresas certificadas | D80: mes | E80: 3 | F80: 255000 | I80: =+F80*E80 -> 765000
B81: 9,1,4 | C81: SEÑALIZACIÓN FRENTES DE OBRASY SITIOS TEMPORALES (Demarcación de áreas de trabajo y centros de acopio)
B82: 9,1,4,1 | C82: Tela verde zarán de h=2,50 y estacones redondos a cada 1,50 m | D82: m | E82: 500 | F82: 15398 | I82: =+F82*E82 -> 7699000
B83: 9,1,4,2 | C83: Balizas con bandas reflectivas. | D83: Un | E83: 175 | F83: 37900 | I83: =+F83*E83 -> 6632500
B84: 9,1,4,3 | C84: Cinta Señalización de 500 m , color naranja - blanco o amarillo- negro, . | D84: rollo | E84: 25 | F84: 30800 | I84: =+F84*E84 -> 770000
B85: 9,1,5 | C85: PROYECTO DE MANEJO INTEGRAL DE MATERIALES DE CONSTRUCCION Y MANEJO DE FUENTES DE EMISIONES ATMOSFÉRICAS
B86: 9,1,5,1 | C86: Humectación de vía/áreas de trabajo para control de material particulado | D86: día | E86: 40 | F86: 90000 | I86: =+F86*E86 -> 3600000
B87: 9,1,5,2 | C87: Teleras 1,35m x 0,90 m | D87: un | E87: 20 | F87: 18200 | I87: =+F87*E87 -> 364000
B88: 9,1,5,3 | C88: Construcción de lavadero de llantas | D88: un | E88: 1 | F88: 250000 | I88: =+F88*E88 -> 250000
B89: 9,1,5,4 | C89: Plástico negro polietileno de grueso calibre, (150 m, calibre 3.5 ancho de 3 m). | D89: rollo | E89: 5 | F89: 520000 | I89: =+F89*E89 -> 2600000
B90: 9,1,6 | C90: PROTECCIÓN DEL SUELO, GESTIÓN RECURSO HIDRICO Y MANEJO DE RESIDUOS LÍQUIDOS DOMÉSTICOS E INDUSTRIALES
C91: Alquiler de baño portátil con 2 limpiezas por semana (incluye suministro, transporte y mantenienimiento. Atiende a 15 personas) | D91: mes | E91: 12 | F91: 550000 | I91: =+F91*E91 -> 6600000
C92: Kit de emergencia para derrames | D92: un | E92: 1 | F92: 58000 | I92: =+F92*E92 -> 58000
B93: 9.2 | C93: PROGRAMA DE SEGURIDAD Y SALUD EN EL TRABAJO
B94: 9,2,1 | C94: DOTACIÓN DE CAMPAMENTOS /INSTALACIONES PROVISIONALES | D94: Un | E94: 30 | F94: 12900 | I94: =+F94*E94 -> 387000
B95: 9,2,1,1 | C95: Señales de campamento - avisos en polietileno de 30 x 50 cm | D95: Un | E95: 1 | F95: 241859 | I95: =+F95*E95 -> 241859
B96: 9,2,1,2 | C96: Camilla Emergencia Polietileno 185x45cm (incluye IVA) | D96: Un | E96: 3 | F96: 81615 | I96: =+F96*E96 -> 244845
B97: 9,2,1,3 | C97: Extintor ABC 20 LB | D97: Un | E97: 1 | F97: 158626 | I97: =+F97*E97 -> 158626
B98: 9,2,1,4 | C98: Botiquín cruz roja de primeros auxilios ref. 115 en lona
B99: 9,2,2 | C99: DOTACIÓN Y ELEMENTOS DE PROTECCIÓN PERSONAL
B100: 9,2,2,1 | C100: Chalecos reflectivos sencillos. | D100: Un | E100: 30 | F100: 11952 | I100: =+F100*E100 -> 358560
B101: 9,2,2,2 | C101: Chalecos reflectivos para bandereros. | D101: Un | E101: 2 | F101: 17606 | I101: =+F101*E101 -> 35212
B102: 9,2,2,3 | C102: Botas de seguridad con puntera | D102: un | E102: 30 | F102: 43134 | I102: =+F102*E102 -> 1294020
...

Sheet PRESUPUESTO OFICIAL (Entidad)
B2: Formulario 1 - Formulario de presupuesto oficial -Interventoría de obra pública de infraestructura de transporte - versión 2
B3: Código | C3: CCE-EICP-FM-70 | D3: Versión | E3: 2
B5: FORMULARIO 1 - DETALLADO - PRESUPUESTO OFICIAL
B6: DEPARTAMENTO DE ANTIOQUIA
B7: SECRETARÍA DE INFRAESTRUCTURA FÍSICA
B8: INTERVENTORÍA TÉCNICA, ADMINISTRATIVA, AMBIENTAL, FINANCIERA Y LEGAL PARA LA AMPLIACIÓN, RECTIFICACIÓN, PAVIMENTACIÓN Y CONSTRUCCIÓN DE OBRAS COMPLEMENTARIAS EN LA VÍA CARABANCHEL - LA MARIA ABSCISAS DEL K1+300 AL K2+600, MUNICIPIO DE EL RETIRO SUBREGION ORIENTE DEL DEPARTAMENTO DE ANTIOQUIA
B11: CANT. | C11: CARGO / OFICIO | D11: SUELDO MENSUAL | E11: PRIMA DE LOCALIZACIÓN | F11: DEDICACIÓN MENSUAL | G11: DURACIÓN | H11: VALOR
D12: DE PERSONAL | E12: REGIONAL | F12: (%) | G12: (meses) | H12: PARCIAL ($)
B13: (1) | D13: (2) | E13: (3) | F13: (4) | G13: (5) | H13: (1)*[(2)+(3)]*(4)*(5) = (6)
B14: COSTOS DIRECTOS DE PERSONAL
B15: PERSONAL PROFESIONAL
B16: 1 | C16: Director de Interventoría | D16: 7740000 | E16: 0 | F16: 1 | G16: 6.5 | H16: =IF(B16="","",ROUND(B16*(D16+E16)*F16*G16,0)) -> 50310000
B17: 1 | C17: Profesional Residente de Interventoría | D17: 6142000 | E17: 0 | F17: 1 | G17: 6.5 | H17: =IF(B17="","",ROUND(B17*(D17+E17)*F17*G17,0)) -> 39923000
B18: 1 | C18: Profesional Residente Ambiental | D18: 5300000 | E18: 0 | F18: 1 | G18: 6 | H18: =IF(B18="","",ROUND(B18*(D18+E18)*F18*G18,0)) -> 31800000
B19: 1 | C19: Profesional Residente SST | D19: 4147000 | E19: 0 | F19: 1 | G19: 6 | H19: =IF(B19="","",ROUND(B19*(D19+E19)*F19*G19,0)) -> 24882000
B20: 1 | C20: Profesional Residente Area Social | D20: 4147000 | E20: 0 | F20: 1 | G20: 6 | H20: =IF(B20="","",ROUND(B20*(D20+E20)*F20*G20,0)) -> 24882000
B21: 1 | C21: Profesional Residente Ingeniero Electrico | D21: 5300000 | E21: 0 | F21: 1 | G21: 5 | H21: =IF(B21="","",ROUND(B21*(D21+E21)*F21*G21,0)) -> 26500000
B22: 1 | C22: Profesional Residente Forestal | D22: 5300000 | E22: 0 | F22: 1 | G22: 5 | H22: =IF(B22="","",ROUND(B22*(D22+E22)*F22*G22,0)) -> 26500000
B23: PERSONAL TECNOLOGO Y TÉCNICO
B24: 1 | C24: Tecnólogo en Construcciones Civiles | D24: 3377000 | E24: 0 | F24: 1 | G24: 6 | H24: =IF(B24="","",ROUND(B24*(D24+E24)*F24*G24,0)) -> 20262000
B25: 1 | C25: Topografo | D25: 3377000 | E25: 0 | F25: 0.4 | G25: 6 | H25: =IF(B25="","",ROUND(B25*(D25+E25)*F25*G25,0)) -> 8104800
B26: 1 | C26: Cadenero 1 | D26: 2670000 | E26: 0 | F26: 0.4 | G26: 6 | H26: =IF(B26="","",ROUND(B26*(D26+E26)*F26*G26,0)) -> 6408000
B27: 1 | C27: Cadenero 2 | D27: 1300000 | E27: 0 | F27: 0.4 | G27: 6 | H27: =IF(B27="","",ROUND(B27*(D27+E27)*F27*G27,0)) -> 3120000
B28: PERSONAL ADMINISTRATIVO
B29: 1 | C29: Secretario (a) | D29: 1482000 | E29: 0 | F29: 1 | G29: 6.5 | H29: =IF(B29="","",ROUND(B29*(D29+E29)*F29*G29,0)) -> 9633000
B30: SUBTOTAL COSTOS DE PERSONAL = SUMATORIA DE (6) = (7) | H30: =+SUM(H16:H22)+SUM(H24:H27)+SUM(H29:H29) -> 272324800
B31: FACTOR MULTIPLICADOR (8) | H31: 2.1
B32: SUBTOTAL COSTOS DE PERSONAL = (7) * (8) = (A) | H32: =ROUND(H30*H31,0) -> 571882080
B33: CANT. | C33: CONCEPTO | D33: UNIDAD | E33: COSTO MENSUAL | F33: DEDICACIÓN MENSUAL | G33: DURACIÓN (meses) | H33: VALOR PARCIAL ($)
E34: ($) | F34: (%) | G34: (meses) | H34: PARCIAL ($)
B35: (9) | E35: (10) | F35: (11) | G35: (12) | H35: (9)*(10)*(11)*(12) = (13)
B36: OTROS COSTOS DIRECTOS
B37: COSTOS DE ALQUILER DE EQUIPOS Y OFICINA
B38: 1 | C38: Instalaciones en obra (Incluye arrendamiento, enseres, servicios públicos y auxiliar de aseo) | D38: Unidad | E38: 4044000 | F38: 1 | G38: 6 | H38: =IF(B38="","",ROUND(B38*E38*F38*G38,0)) -> 24264000
B39: 7 | C39: Tarifa puesto de trabajo del personal de oficina de campo, incluye: alquiler de un (1) equipo de computo completo, escritorio, silla y otros enseres de oficina por puesto de trabajo | D39: Kit | E39: 254520 | F39: 1 | G39: 6 | H39: =IF(B39="","",ROUND(B39*E39*F39*G39,0)) -> 10689840
B40: 2 | C40: Tarifa puesto de trabajo del personal de oficina de campo, incluye: alquiler de un (1) equipo de computo completo, escritorio, silla y otros enseres de oficina por puesto de trabajo | D40: Kit | E40: 254520 | F40: 1 | G40: 5 | H40: =IF(B40="","",ROUND(B40*E40*F40*G40,0)) -> 2545200
B41: OTROS COSTOS MENSUALES
B42: 1 | C42: Vehículo doble tracción, doble cabina, 2000 CC o superior (modelo 2017 o superior) tarifa de alquiler tiempo completo, incluye combustible y conductor. Se debe garantizar permanencia de los vehículos durante toda la ejecución del proyecto. | D42: Mes | E42: 6586978 | F42: 1 | G42: 6 | H42: =IF(B42="","",ROUND(B42*E42*F42*G42,0)) -> 39521868
B43: 2 | C43: Comunicaciones (Teléfono, Fax, Celular, Internet, Etc.) mensual en campo | D43: Unidad | E43: 71831 | F43: 1 | G43: 6.5 | H43: =IF(B43="","",ROUND(B43*E43*F43*G43,0)) -> 933803
B44: 5 | C44: Comunicaciones (Teléfono, Fax, Celular, Internet, Etc.) mensual en campo | D44: Unidad | E44: 71831 | F44: 1 | G44: 6 | H44: =IF(B44="","",ROUND(B44*E44*F44*G44,0)) -> 2154930
B45: 2 | C45: Comunicaciones (Teléfono, Fax, Celular, Internet, Etc.) mensual en campo | D45: Unidad | E45: 71831 | F45: 1 | G45: 5 | H45: =IF(B45="","",ROUND(B45*E45*F45*G45,0)) -> 718310
B46: 1 | C46: Fotocopias, edición informes, registros fotográficos entre otros en oficina en campo | D46: Informe | E46: 238683 | F46: 1 | G46: 6.5 | H46: =IF(B46="","",ROUND(B46*E46*F46*G46,0)) -> 1551440
B47: 1 | C47: Nivel de Presicion (Alquiler mensual) | D47: Mes | E47: 471145 | F47: 0.4 | G47: 6 | H47: =IF(B47="","",ROUND(B47*E47*F47*G47,0)) -> 1130748
B48: 1 | C48: Estacion Total (Alquiler mensual) | D48: Mes | E48: 2019192 | F48: 0.4 | G48: 6 | H48: =IF(B48="","",ROUND(B48*E48*F48*G48,0)) -> 4846061
B49: CANT. | C49: CONCEPTO | D49: UNIDAD | E49: COSTO DÍA | F49: DÍAS - MES | G49: DURACIÓN (meses) | H49: VALOR PARCIAL ($)
E50: ($) | F50: (%) | G50: (meses) | H50: PARCIAL ($)
B51: (14) | E51: (15) | F51: (16) | G51: (17) | H51: (14)*(15)*(16)*(17) = (18)
B52: COSTOS DE UN SOLO PAGO
B53: 1 | C53: Reconocimiento por disposición de impresora para el personal de administrativo de obra (alquiler mensual) | D53: Unidad | E53: 97283 | G53: 6.5 | H53: =IF(B53="","",ROUND(B53*G53*E53,0)) -> 632340
B54: COSTOS ESTIMADOS
B55: 1 | C55: Gastos de alojamiento, transporte y alimentación, se reconocerán según costo real y contra factura | D55: Estimado | E55: 74922068 | F55: ´ | H55: =IF(B55="","",ROUND(B55*E55,0)) -> 74922068
B56: 1 | C56: Ensayos de laboratorio: Límites de Atterberg, granulometría, CBR, compresión simple, entre otros que se soliciten por parte de la Entidad. (Se pagan contra factura y resultados) | D56: Estimado | E56: 16784680 | H56: =IF(B56="","",ROUND(B56*E56,0)) -> 16784680
B57: 1 | C57: Asesorías Especializadas (Hidráulicas, geotécnicas, suelos, pavimentos, estructurales, geológicas, o cualquier asesoría adicional) se paga contra factura | D57: Estimado | E57: 41857200 | H57: =IF(B57="","",ROUND(B57*E57,0)) -> 41857200
B58: 1 | C58: PROVISIÓN PARA EL PAGO DE PRIMAS DE GARANTÍAS | D58: Estimado | E58: 4163532 | H58: =IF(B58="","",ROUND(B58*E58,0)) -> 4163532
B59: SUBTOTAL OTROS COSTOS DIRECTOS = SUMATORIA DE (13) + SUMATORIA DE (18) + SUMATORIA DE (21) = (B) | H59: =+SUM(H38:H40)+SUM(H42:H48)+SUM(H53:H53)+SUM(H55:H58) -> 226716020
B60: SUBTOTAL COSTOS BASICOS = (A) + (B) = (C) | H60: =+H32+H59 -> 798598100
B61: IVA = 19% * (C) = (D) | H61: =ROUND(H60*19%,0) -> 151733639
B62: COSTO TOTAL (C) + (D) = (E) | H62: =ROUND(H60+H61,0) -> 950331739
B64: Elaboró: | E64: Aprobó
B67: JOSÉ LUIS ARIZA RODRIGUEZ | F67: LIBARDO AUGUSTO RICO GIRALDO
B68: Profesional Universitario | F68: Director de Desarrollo Fisico
B69: Secretaría de Infraestructura Física | F69: Dirección de Desarrollo Fisico
F70: Secretaría de Infraestructura Física
B72: Revisó Precios Unitarios :
B75: EDWIN BLANDON HENAO
B76: Profesional Universitario
B77: Secretaría de Infraestructura Física
B81: 1. Los Valores Unitarios de Salarios y demas componentes de la propuesta economica no podran ser inferiores al 95%, ni superiores al 105% de los valores estimados en el presente formulario.
B82: 2. Los costos de personal se reembolsarán según la dedicación efectiva que hubiere tenido en la ejecución de los trabajos
B83: 3. Para la determinación de las tarifas unitarias correspondientes a "OTROS COSTOS DIRECTOS", se entiende que el oferente incluyó todas las variables que inciden en su cálculo y además el porcentaje de honorarios que haya establecido dentro de su Factor Multiplicador. Estos valores se reembolsarán según su costo real y previa presentación y aprobación de la factura o documento equivalente por parte de la supervisión del contrato.
B84: 4. El valor a pagar por "Gastos de Alojamiento, transporte y alimentación" corresponden a montos estimados con los cuales se atenderán los gastos descritos del personal profesional y técnico, las cuales se reembolsarán según su costo real, previa presentación de la factura. En todo caso solo se reconocerá hasta el valor establecido en el presente formulario. Solo se pagaran los Gastos de viaje causados dentro de la zona de intervención del proyecto.
B85: 5. El valor a pagar por COSTOS ESTIMADOS se reconocerán mensualmente previa presentación de la factura o documento equivalente, según su costo real el cual deberá estar ajustado a los precios de mercado.
B86: 6. El valor a pagar en el ítem "Ensayos de Laboratorio" incluirá el porcentaje de honorarios establecido dentro de su Factor Multiplicador, los costos de transporte y demás gastos necesarios para el cumplimiento de las especificaciones solicitadas, así como el estudio de mercado correspondiente a las tarifas unitarias que se estén estudiando, dicho valor (ensayo) será acordado previamente entre las partes, a saber: Interventor y Supervisor. En todo caso solo se reconocerá hasta el valor establecido en el presente formulario. Se pagará contra factura.
B87: 7. El valor a pagar por "Asesorías especializadas" será por hora de especialista, la cual incluirá el Factor Multiplicador, los costos de transporte y demás gastos del especialista. Dicho valor (hora) será acordado previamente entre las partes, a saber: Interventor, Especialista y Supervisor, para lo cual se tendrá en cuenta el cumplimiento de las especificaciones solicitadas y el estudio de mercado correspondiente a las tarifas unitarias que se estén estudiando. En todo caso solo se reconocerá hasta el valor establecido en el presente formulario. Se pagará contra factura.
B88: 8. Si durante la ejecución del contrato la Entidad llegase a evidenciar pagos inferiores a los valores registrados por el adjudicatario en el presente documento o cuyo valor sea superior a los precios del mercado, ésta podrá realizar las deducciones del caso.
... B90: NOTA FINAL: El valor del FACTOR MULTIPLICADOR, el cual afecta los costos de personal, NO PODRÁ en ningún caso ser superior al establecido por la entidad en el Presupuesto Oficial.

Sheet PROPUESTA ECONOMICA(Proponente)
B2: Formulario 1 - Formulario de presupuesto oficial -Interventoría de obra pública de infraestructura de transporte - versión 2
B3: Código | C3: CCE-EICP-FM-70 | D3: Versión | E3: 2
B5: FORMULARIO 1 - DETALLADO - PROPUESTA ECONÓMICA
B6: DEPARTAMENTO DE ANTIOQUIA
B7: SECRETARÍA DE INFRAESTRUCTURA FÍSICA
B8: INTERVENTORÍA TÉCNICA, ADMINISTRATIVA, AMBIENTAL, FINANCIERA Y LEGAL PARA LA AMPLIACIÓN, RECTIFICACIÓN, PAVIMENTACIÓN Y CONSTRUCCIÓN DE OBRAS COMPLEMENTARIAS EN LA VÍA CARABANCHEL - LA MARIA ABSCISAS DEL K1+300 AL K2+600, MUNICIPIO DE EL RETIRO SUBREGION ORIENTE DEL DEPARTAMENTO DE ANTIOQUIA
B11: CANT. | C11: CARGO / OFICIO | D11: SUELDO MENSUAL | E11: PRIMA DE LOCALIZACIÓN | F11: DEDICACIÓN MENSUAL | G11: DURACIÓN | H11: VALOR
D12: DE PERSONAL | E12: REGIONAL | F12: (%) | G12: (meses) | H12: PARCIAL ($)
B13: (1) | D13: (2) | E13: (3) | F13: (4) | G13: (5) | H13: (1)*[(2)+(3)]*(4)*(5) = (6)
B14: COSTOS DIRECTOS DE PERSONAL
B15: PERSONAL PROFESIONAL
B16: 1 | C16: Director de Interventoría | E16: 0 | F16: 1 | G16: 6.5 | H16: =IF(B16="","",ROUND(B16*(D16+E16)*F16*G16,0)) -> 0
B17: 1 | C17: Profesional Residente de Interventoría | E17: 0 | F17: 1 | G17: 6.5 | H17: =IF(B17="","",ROUND(B17*(D17+E17)*F17*G17,0)) -> 0
B18: 1 | C18: Profesional Residente Ambiental | E18: 0 | F18: 1 | G18: 6 | H18: =IF(B18="","",ROUND(B18*(D18+E18)*F18*G18,0)) -> 0
B19: 1 | C19: Profesional Residente SST | E19: 0 | F19: 1 | G19: 6 | H19: =IF(B19="","",ROUND(B19*(D19+E19)*F19*G19,0)) -> 0
B20: 1 | C20: Profesional Residente Area Social | E20: 0 | F20: 1 | G20: 6 | H20: =IF(B20="","",ROUND(B20*(D20+E20)*F20*G20,0)) -> 0
B21: 1 | C21: Profesional Residente Ingeniero Electrico | E21: 0 | F21: 1 | G21: 5 | H21: =IF(B21="","",ROUND(B21*(D21+E21)*F21*G21,0)) -> 0
B22: 1 | C22: Profesional Residente Forestal | E22: 0 | F22: 1 | G22: 5 | H22: =IF(B22="","",ROUND(B22*(D22+E22)*F22*G22,0)) -> 0
B23: PERSONAL TECNOLOGO Y TÉCNICO
B24: 1 | C24: Tecnólogo en Construcciones Civiles | E24: 0 | F24: 1 | G24: 6 | H24: =IF(B24="","",ROUND(B24*(D24+E24)*F24*G24,0)) -> 0
B25: 1 | C25: Topografo | E25: 0 | F25: 0.4 | G25: 6 | H25: =IF(B25="","",ROUND(B25*(D25+E25)*F25*G25,0)) -> 0
B26: 1 | C26: Cadenero 1 | E26: 0 | F26: 0.4 | G26: 6 | H26: =IF(B26="","",ROUND(B26*(D26+E26)*F26*G26,0)) -> 0
B27: 1 | C27: Cadenero 2 | E27: 0 | F27: 0.4 | G27: 6 | H27: =IF(B27="","",ROUND(B27*(D27+E27)*F27*G27,0)) -> 0
B28: PERSONAL ADMINISTRATIVO
B29: 1 | C29: Secretario (a) | E29: 0 | F29: 1 | G29: 6.5 | H29: =IF(B29="","",ROUND(B29*(D29+E29)*F29*G29,0)) -> 0
B30: SUBTOTAL COSTOS DE PERSONAL = SUMATORIA DE (6) = (7) | H30: =+SUM(H16:H22)+SUM(H24:H27)+SUM(H29:H29) -> 0
B31: FACTOR MULTIPLICADOR (8)
B32: SUBTOTAL COSTOS DE PERSONAL = (7) * (8) = (A) | H32: =ROUND(H30*H31,0) -> 0
B33: CANT. | C33: CONCEPTO | D33: UNIDAD | E33: COSTO MENSUAL | F33: DEDICACIÓN MENSUAL | G33: DURACIÓN (meses) | H33: VALOR PARCIAL ($)
E34: ($) | F34: (%) | G34: (meses) | H34: PARCIAL ($)
B35: (9) | E35: (10) | F35: (11) | G35: (12) | H35: (9)*(10)*(11)*(12) = (13)
B36: OTROS COSTOS DIRECTOS
B37: COSTOS DE ALQUILER DE EQUIPOS Y OFICINA
B38: 1 | C38: Instalaciones en obra (Incluye arrendamiento, enseres, servicios públicos y auxiliar de aseo) | D38: Unidad | F38: 1 | G38: 6 | H38: =IF(B38="","",ROUND(B38*E38*F38*G38,0)) -> 0
B39: 7 | C39: Tarifa puesto de trabajo del personal de oficina de campo, incluye: alquiler de un (1) equipo de computo completo, escritorio, silla y otros enseres de oficina por puesto de trabajo | D39: Kit | F39: 1 | G39: 6 | H39: =IF(B39="","",ROUND(B39*E39*F39*G39,0)) -> 0
B40: 2 | C40: Tarifa puesto de trabajo del personal de oficina de campo, incluye: alquiler de un (1) equipo de computo completo, escritorio, silla y otros enseres de oficina por puesto de trabajo | D40: Kit | F40: 1 | G40: 5 | H40: =IF(B40="","",ROUND(B40*E40*F40*G40,0)) -> 0
B41: OTROS COSTOS MENSUALES
B42: 1 | C42: Vehículo doble tracción, doble cabina, 2000 CC o superior (modelo 2017 o superior) tarifa de alquiler tiempo completo, incluye combustible y conductor. Se debe garantizar permanencia de los vehículos durante toda la ejecución del proyecto. | D42: Mes | F42: 1 | G42: 6 | H42: =IF(B42="","",ROUND(B42*E42*F42*G42,0)) -> 0
B43: 2 | C43: Comunicaciones (Teléfono, Fax, Celular, Internet, Etc.) mensual en campo | D43: Unidad | F43: 1 | G43: 6.5 | H43: =IF(B43="","",ROUND(B43*E43*F43*G43,0)) -> 0
B44: 5 | C44: Comunicaciones (Teléfono, Fax, Celular, Internet, Etc.) mensual en campo | D44: Unidad | F44: 1 | G44: 6 | H44: =IF(B44="","",ROUND(B44*E44*F44*G44,0)) -> 0
B45: 2 | C45: Comunicaciones (Teléfono, Fax, Celular, Internet, Etc.) mensual en campo | D45: Unidad | F45: 1 | G45: 5 | H45: =IF(B45="","",ROUND(B45*E45*F45*G45,0)) -> 0
B46: 1 | C46: Fotocopias, edición informes, registros fotográficos entre otros en oficina en campo | D46: Informe | F46: 1 | G46: 6.5 | H46: =IF(B46="","",ROUND(B46*E46*F46*G46,0)) -> 0
B47: 1 | C47: Nivel de Presicion (Alquiler mensual) | D47: Mes | F47: 0.4 | G47: 6 | H47: =IF(B47="","",ROUND(B47*E47*F47*G47,0)) -> 0
B48: 1 | C48: Estacion Total (Alquiler mensual) | D48: Mes | F48: 0.4 | G48: 6 | H48: =IF(B48="","",ROUND(B48*E48*F48*G48,0)) -> 0
B49: CANT. | C49: CONCEPTO | D49: UNIDAD | E49: COSTO DÍA | F49: DÍAS - MES | G49: DURACIÓN (meses) | H49: VALOR PARCIAL ($)
E50: ($) | F50: (%) | G50: (meses) | H50: PARCIAL ($)
B51: (14) | E51: (15) | F51: (16) | G51: (17) | H51: (14)*(15)*(16)*(17) = (18)
B52: COSTOS DE UN SOLO PAGO
B53: 1 | C53: Reconocimiento por disposición de impresora para el personal de administrativo de obra (alquiler mensual) | D53: Unidad | G53: 6.5 | H53: =IF(B53="","",ROUND(B53*G53*E53,0)) -> 0
B54: COSTOS ESTIMADOS
B55: 1 | C55: Gastos de alojamiento, transporte y alimentación, se reconocerán según costo real y contra factura | D55: Estimado | E55: 74922068 | F55: ´ | H55: =IF(B55="","",ROUND(B55*E55,0)) -> 74922068
B56: 1 | C56: Ensayos de laboratorio: Límites de Atterberg, granulometría, CBR, compresión simple, entre otros que se soliciten por parte de la Entidad. (Se pagan contra factura y resultados) | D56: Estimado | E56: 16784680 | H56: =IF(B56="","",ROUND(B56*E56,0)) -> 16784680
B57: 1 | C57: Asesorías Especializadas (Hidráulicas, geotécnicas, suelos, pavimentos, estructurales, geológicas, o cualquier asesoría adicional) se paga contra factura | D57: Estimado | E57: 41857200 | H57: =IF(B57="","",ROUND(B57*E57,0)) -> 41857200
B58: 1 | C58: PROVISIÓN PARA EL PAGO DE PRIMAS DE GARANTÍAS | D58: Estimado | E58: 4163532 | H58: =IF(B58="","",ROUND(B58*E58,0)) -> 4163532
B59: SUBTOTAL OTROS COSTOS DIRECTOS = SUMATORIA DE (13) + SUMATORIA DE (18) + SUMATORIA DE (21) = (B)
B60: SUBTOTAL COSTOS BASICOS = (A) + (B) = (C)
B61: IVA = 19% * (C) = (D)
B62: COSTO TOTAL (C) + (D) = (E)
C69: Nombre y firma del representante legal del proponente | F69: Nombre del proponente
B75: 1. Los Valores Unitarios de Salarios y demas componentes de la propuesta economica no podran ser inferiores al 95%, ni superiores al 105% de los valores estimados en el presente formulario.
B76: 2. Los costos de personal se reembolsarán según la dedicación efectiva que hubiere tenido en la ejecución de los trabajos
B77: 3. Para la determinación de las tarifas unitarias correspondientes a "OTROS COSTOS DIRECTOS", se entiende que el oferente incluyó todas las variables que inciden en su cálculo y además el porcentaje de honorarios que haya establecido dentro de su Factor Multiplicador. Estos valores se reembolsarán según su costo real y previa presentación y aprobación de la factura o documento equivalente por parte de la supervisión del contrato.
B78: 4. El valor a pagar por "Gastos de Alojamiento, transporte y alimentación" corresponden a montos estimados con los cuales se atenderán los gastos descritos del personal profesional y técnico, las cuales se reembolsarán según su costo real, previa presentación de la factura. En todo caso solo se reconocerá hasta el valor establecido en el presente formulario. Solo se pagaran los Gastos de viaje causados dentro de la zona de intervención del proyecto.
B79: 5. El valor a pagar por COSTOS ESTIMADOS se reconocerán mensualmente previa presentación de la factura o documento equivalente, según su costo real el cual deberá estar ajustado a los precios de mercado.
B80: 6. El valor a pagar en el ítem "Ensayos de Laboratorio" incluirá el porcentaje de honorarios establecido dentro de su Factor Multiplicador, los costos de transporte y demás gastos necesarios para el cumplimiento de las especificaciones solicitadas, así como el estudio de mercado correspondiente a las tarifas unitarias que se estén estudiando, dicho valor (ensayo) será acordado previamente entre las partes, a saber: Interventor y Supervisor. En todo caso solo se reconocerá hasta el valor establecido en el presente formulario. Se pagará contra factura.
B81: 7. El valor a pagar por "Asesorías especializadas" será por hora de especialista, la cual incluirá el Factor Multiplicador, los costos de transporte y demás gastos del especialista. Dicho valor (hora) será acordado previamente entre las partes, a saber: Interventor, Especialista y Supervisor, para lo cual se tendrá en cuenta el cumplimiento de las especificaciones solicitadas y el estudio de mercado correspondiente a las tarifas unitarias que se estén estudiando. En todo caso solo se reconocerá hasta el valor establecido en el presente formulario. Se pagará contra factura.
B82: 8. Si durante la ejecución del contrato la Entidad llegase a evidenciar pagos inferiores a los valores registrados por el adjudicatario en el presente documento o cuyo valor sea superior a los precios del mercado, ésta podrá realizar las deducciones del caso.
B83: 9. Los valores subrayados no se modifican, corresponden a montos Estimados con los cuales se atenderán las actividades correspondientes.
B84: NOTA FINAL: El valor del FACTOR MULTIPLICADOR, el cual afecta los costos de personal, NO PODRÁ en ningún caso ser superior al establecido por la entidad en el Presupuesto Oficial.

Sheet Archivo señalización
A1: MEJORAMIENTO DE LA VÍA SOFÍA - YOLOMBÓ DE LA SUBREGIÓN NORDESTE DEL DEPARTAMENTO DE ANTIOQUIA
A2: SEÑALIZACIÓN VERTICAL
A3: CÓDIGO: | B3: 62AN23
A4: NOMBRE VÍA: | B4: SOFÍA - YOLOMBÓ
A5: SUBREGIÓN: | B5: NORDESTE
A6: MUNICIPIO: | B6: YOLOMBÓ
A8: L_Via | B8: TipoSeñal_ | C8: Cod_Señal | D8: Msj_Señal | E8: Act | F8: COORDENADA_X | G8: COORDENADA Y | H8: ABSCISA
A9: D | B9: SP | C9: 04 | E9: N | F9: 895171.86 | G9: 1214933.2 | H9: 77
A10: D | B10: SP | C10: 36 | E10: N | F10: 895157.74 | G10: 1214942.8 | H10: 94
A11: I | B11: SP | C11: 36 | E11: N | F11: 895101.64 | G11: 1214969.4 | H11: 155
A12: I | B12: SP | C12: 03 | E12: N | F12: 895085.39 | G12: 1214988 | H12: 181
A13: D | B13: SR | C13: 30 | D13: 20 | E13: N | F13: 895046.56 | G13: 1215027.2 | H13: 236
A14: D | B14: SP | C14: 47 | E14: N | F14: 895022.7 | G14: 1215044.4 | H14: 266
A15: I | B15: SP | C15: 47 | E15: N | F15: 894981.64 | G15: 1215095.2 | H15: 332
A16: I | B16: SR | C16: 30 | D16: 20 | E16: N | F16: 894972.37 | G16: 1215124.7 | H16: 364
A17: D | B17: SP | C17: 04 | E17: N | F17: 894881.39 | G17: 1215181.7 | H17: 475
A18: I | B18: SP | C18: 03 | E18: N | F18: 894829.51 | G18: 1215214.5 | H18: 543
A19: D | B19: SP | C19: 07 | E19: N | F19: 894825.87 | G19: 1215255.2 | H19: 584
A20: D | B20: SP | C20: 10 | E20: N | F20: 894738.25 | G20: 1215259.9 | H20: 716
A21: I | B21: SP | C21: 08 | E21: N | F21: 894740.77 | G21: 1215252.1 | H21: 723
A22: I | B22: SP | C22: 10 | E22: N | F22: 894617.83 | G22: 1215185.6 | H22: 867
A23: D | B23: SP | C23: 10 | E23: N | F23: 894591.69 | G23: 1215174.7 | H23: 895
A24: I | B24: SP | C24: 10 | E24: N | F24: 894488.39 | G24: 1215120.8 | H24: 1018
A25: D | B25: SP | C25: 02 | E25: N | F25: 894468.8 | G25: 1215104.8 | H25: 1043
A26: I | B26: SP | C26: 01 | E26: N | F26: 894439.01 | G26: 1215185.4 | H26: 1211
A27: D | B27: SP | C27: 07 | E27: N | F27: 894497.49 | G27: 1215209.5 | H27: 1275
A28: I | B28: SP | C28: 08 | E28: N | F28: 894569.58 | G28: 1215377.3 | H28: 1465
... A38: I | B38: SP | C38: 08 | E38: N | F38: 895234.59 | G38: 1215443.1 | H38: 2561
A39: D | B39: SR | C39: 30 | D39: 30 | E39: N | F39: 895283.08 | G39: 1215449.2 | H39: 2609
A40: D | B40: SP | C40: 10 | E40: N | F40: 895308.51 | G40: 1215460.5 | H40: 2637
A41: I | B41: SR | C41: 30 | D41: 30 | E41: N | F41: 895323.15 | G41: 1215472.2 | H41: 2655
A42: I | B42: SP | C42: 10 | E42: N | F42: 895393.26 | G42: 1215523.6 | H42: 2774
A43: D | B43: SP | C43: 08 | E43: N | F43: 895392.69 | G43: 1215530.6 | H43: 2779
A44: I | B44: SP | C44: 08 | E44: N | F44: 895349.05 | G44: 1215653.8 | H44: 2915
A45: D | B45: SP | C45: 04 | E45: N | F45: 895343.35 | G45: 1215670.2 | H45: 2932
A46: I | B46: SP | C46: 03 | E46: N | F46: 895344.34 | G46: 1215730.1 | H46: 3001
A47: D | B47: SP | C47: 04 | E47: N | F47: 895354.94 | G47: 1215735.3 | H47: 3012
A48: I | B48: SP | C48: 03 | E48: N | F48: 895390.49 | G48: 1215761.2 | H48: 3058
A49: D | B49: SP | C49: 04 | E49: N | F49: 895413.08 | G49: 1215761 | H49: 3081
A50: I | B50: SP | C50: 03 | E50: N | F50: 895455.74 | G50: 1215756.6 | H50: 3124
A51: D | B51: SP | C51: 07 | E51: N | F51: 895458.64 | G51: 1215751.4 | H51: 3129
A52: I | B52: SP | C52: 07 | E52: N | F52: 895642.3 | G52: 1215774.7 | H52: 3351
A53: D | B53: SP | C53: 03 | E53: N | F53: 895657.81 | G53: 1215762.9 | H53: 3370
... A76: D | B76: SP | C76: 06 | E76: N | F76: 896463.87 | G76: 1216789.4 | H76: 5360
G77: Total | H77: 64

Sheet CANTIDADES
A4: GOBERNACION DE ANTIOQUIA
A5: SECRETARIA DE INFRAESTRUCTURA FISICA
A6: =+#REF! -> #REF!
A7: CANTIDADES DE OBRA
A8: LONGITUD A INTERVENIR: | C8: =C210 -> 5017 | D8: metros a intervenir | I8: OBSERVACIONES
A9: ITEM | B9: ACTIVIDAD | C9: LONG. (M) | D9: ANCHO (M) | E9: ALTO (M) | F9: CANTIDAD (UND) | G9: TOTAL | H9: Unidad
B10: GRUPO 1 - OBRAS DE EXPLANACIÓN
A11: 1.4 | B11: Excavación sin clasificar de la explanación, canales y prestamos. No incluye botada. | F11: 1797.77 | G11: =ROUND(F11,0) -> 1798 | I11: Cuadro de volumenes de corte y lleno. Diseño Geométrico
A12: 1.6.2 | B12: =#REF! -> #REF! | F12: =ROUND(G81+G104,0) -> 3419 | G12: =ROUND(F12,0) -> 3419 | H12: m3 | I12: Item agrupa todos los materiales y escombros o residuos de obra producto de las excavaciones que se realicen durante la intervención de la vía, correspondientes a materiales comúnes, estructuras, etc.
C13: Long.(m) | D13: Ancho(m) | E13: Altura (m)
A14: 1.13 | B14: Lleno manual compactado con material de la excavación | G14: =ROUND(SUM(G15:G21),0) -> 816 | H14: m3 | I14: Ver Informe hidrológico e hidráulico.
B15: pocetas | C15: =1.5*3 -> 4.5 | D15: 0.2 | E15: 2.75 | F15: =+$E$214 -> 30 | G15: =ROUND(C15*D15*E15*F15,0) -> 74 | H15: m3
B16: tuberia | C16: =+C212+0.2*2 -> 5.4 | D16: 1.1 | E16: 1 | F16: =+$E$214 -> 30 | G16: =ROUND(C16*D16*E16*F16,0) -> 178 | H16: m3
B17: descole | C17: =2.02+0.2+0.2+2.02 -> 4.44 | D17: 0.2 | E17: 2.75 | F17: =+$E$214 -> 30 | G17: =ROUND(C17*D17*E17*F17,0) -> 73 | H17: m3
B18: Filtro | C18: =C185 -> 5386 | D18: 0.6 | E18: 0.15 | G18: =C18*D18*E18 -> 484.74 | H18: m3
C19: Long.(m) | D19: Ancho (m) | E19: Altura (m)
B20: Box Km 4+324 | C20: =E224 -> 5.4 | D20: =E226+(0.25*2) -> 2 | E20: =0.3-0.031 -> 0.269 | G20: =C20*D20*E20 -> 2.9052 | H20: m3
B21: Box Km 4+408 | C21: =E229 -> 5.4 | D21: =E231+(0.25*2) -> 2.5 | E21: =0.3-0.031 -> 0.269 | G21: =C21*D21*E21 -> 3.6315 | H21: m3
A23: 1.14 | B23: Lleno mecánico compactado con material de la excavación | F23: =F11 -> 1797.77 | G23: =ROUND(F23,0) -> 1798 | H23: =H24 -> m³ | I23: Cuadro de volumenes de corte y lleno. Diseño Geométrico. Total de lleno 3.802,34 m3
A24: 1.14.1 | B24: =#REF! -> #REF! | F24: =3583.91-F23 -> 1786.14 | G24: =ROUND(F24,0) -> 1786 | H24: m³
C25: Long. (m) | D25: Ancho(m)
A26: 1.18 | B26: Mejoramiento de la subrasante involucrando suelo existente | C26: =+$C$8 -> 5017 | D26: =C212 -> 5 | G26: =ROUND(C26*D26,0) -> 25085 | H26: m2 | I26: La capa superficial se escarifica, con el fin de sacar los sobretamaños y disponer del material restante para ser integrado al afirmado que será depositado, logrando con ello uniformidad en la subrasante, con el debido mejoramiento
A27: 1.29 | B27: =#REF! -> #REF! | G27: =ROUND(SUM(G28:G31),0) -> 5047 | H27: m2 | I27: Las zonas laterales de la calzada de circulación actual esta contaminada con materiales de arrastre y por finos producto de la misma, los cuales se van depositando en las cunetas en tierra, los que se deben retirar para darle el ancho necesario a la nueva estructura del pavimento. En los primeros 1000 metros, la actividad se hará en 1,3 m (T1) del lado izquierdo en el sentido del abscisado, en el siguiente tramo (t2), por el mismo lado se descapotará 1,1 m, en el T3 será de 0,8 y en el T4 es de 0,8 m por el lado derecho de la vía . El espesor es de 25 cm de profundidad
B28: =B38 -> Tramo 1. Km 0+133 al Km 1+000 | C28: =C38 -> 867 | D28: 1.3 | G28: =C28*D28 -> 1127.1 | H28: m2
B29: =B39 -> Tramo 2. Km 1+000 al Km 3+000 | C29: =C39 -> 2000 | D29: 1.1 | G29: =C29*D29 -> 2200 | H29: m2
B30: =B40 -> Tramo 3. Km 3+000 al Km 5+000 | C30: =C40 -> 2000 | D30: 0.8 | G30: =C30*D30 -> 1600 | H30: m2
B31: =B41 -> Tramo 4. Km 5+000 al Km 6+300 | C31: =C41 -> 150 | D31: 0.8 | G31: =C31*D31 -> 120 | H31: m2
B32: GRUPO 2 - AFIRMADO, SUB-BASES Y BASES GRANULARES
C33: Long. (m) | D33: Ancho (m) | E33: Espesor (m)
A34: 2.1 | B34: Suministro, colocación, conformación y compactación de material de la zona para afirmado de vías, no incluye transporte. | G34: =ROUND(SUM(G35:G35),0) -> 2509 | H34: m3 | I34: Ver Diseño de la estructura del pavimento.
B35: nivelacion de via | C35: =+$C$8 -> 5017 | D35: =+$C$212 -> 5 | E35: 0.1 | G35: =ROUND(+C35*D35*E35,0) -> 2509 | H35: m3
C36: Long. (m) | D36: Ancho (m) | E36: Espesor (m)
A37: 2.6 | B37: Suministro, colocación, conformación y compactación de Base, no incluye transporte | G37: =ROUND(SUM(G38:G41),0) -> 6171 | H37: m3 | I37: La vía se sectoriza en 4 tramos homogéneos, con el fin de optimizar la estructura del pavimento . Ver Diseño de la Estructra del pavimento.
B38: Tramo 1. Km 0+133 al Km 1+000 | C38: =C190 -> 867 | D38: 5 | E38: 0.25 | G38: =C38*D38*E38 -> 1083.75 | H38: m3
B39: Tramo 2. Km 1+000 al Km 3+000 | C39: =C191 -> 2000 | D39: 5 | E39: 0.24 | G39: =C39*D39*E39 -> 2400 | H39: m3
B40: Tramo 3. Km 3+000 al Km 5+000 | C40: =C192 -> 2000 | D40: 5 | E40: 0.25 | G40: =C40*D40*E40 -> 2500 | H40: m3
B41: Tramo 4. Km 5+000 al Km 6+300 | C41: =C193 -> 150 | D41: 5 | E41: =E38 -> 0.25 | G41: =C41*D41*E41 -> 187.5 | H41: m3
B42: GRUPO 3 - TRANSPORTE DE MATERIALES
C43: Cantidad (m3) | F43: Distancia(km)
A44: 3.4 | B44: Transporte de materiales provenientes de la excavación de la explanación, canales, préstamos y materiales de afirmados, subbases, bases y mezclas asfálticas para distancias mayores de tres mil metros (3,000 m) . Para material provenientes de escavaciones, se medira en estado original y para afirmados, subbases, bases y mezclas asfalticas en estado compacto. | C44: =(G12*1.3)+G11 -> 6242.7 | D44: DEPOSITO | F44: 12.3 | G44: =ROUND((C44*F44)+(C45*F45)+(C46*F46),0) -> 840961 | H44: m3-km | I44: Distancia a la zona de depósito mas cercana autorizada. Ver PMA
C45: =G34+G37 -> 8680 | D45: CANTERA PROCOPAL | F45: 74.3 | I45: Distancia a la cantera mas cercana que cumple con todos los requerimientos ambientales. Ver planos de localización de fuentes de materiales.
C46: =G188 -> 1605 | D46: PAVIMENTO PROCOPAL | F46: 74.3
B47: GRUPO 4 - ACERO Y ELEMENTOS METÁLICOS
A48: 4.1 | B48: suministro, transporte y colocación de Acero de refuerzo fy=420 Mpa (Grado 60). | G48: =ROUND(SUM(G50:G78),0) -> 32708 | H48: kg | I48: Las estructuras de concreto, excepto las cunetas requieren de refuerzo, de acuerdo a los diseños tipo de INVIAS
C49: Long.(m) | D49: Varilla No 4 -1/2"(Kg) | E49: Cantidad (Und) | F49: No de Obras
B50: pocetas | C50: 2.36 | D50: 0.994 | E50: =ROUND(((1.5-(0.05*2))/0.2)*4,0) -> 28 | F50: =+$E$214 -> 30 | G50: =+ROUND(C50*D50*F50*E50,0) -> 1971 | I50: Ver plano Esquema de obras
C51: 3.05 | D51: 0.994 | E51: =ROUND(((1.5-(0.05*2))/0.2)*4,0) -> 28 | F51: =+$E$214 -> 30 | G51: =+ROUND(C51*D51*F51*E51,0) -> 2547
C52: 1.8 | D52: 0.994 | E52: =ROUND(((1.5-(0.05*2))/0.2)*4,0) -> 28 | F52: =+$E$214 -> 30 | G52: =+ROUND(C52*D52*F52*E52,0) -> 1503
C53: 3.8 | D53: 0.994 | E53: =ROUND(((1.5-(0.05*2))/0.2)*4,0) -> 28 | F53: =+$E$214 -> 30 | G53: =+ROUND(C53*D53*F53*E53,0) -> 3173
C54: 4.6 | D54: 0.994 | E54: =ROUND(((2.75-(0.05*2))/0.3)*4,0) -> 35 | F54: =+$E$214 -> 30 | G54: =+ROUND(C54*D54*F54*E54,0) -> 4801
C55: 4 | D55: 0.994 | E55: =ROUND(((2.75-(0.05*2))/0.3)*4,0) -> 35 | F55: =+$E$214 -> 30 | G55: =+ROUND(C55*D55*F55*E55,0) -> 4175
C56: 4.6 | D56: =D55 -> 0.994 | E56: =ROUND(((2.75-(0.05*2))/0.3)*4,0) -> 35 | F56: =+$E$214 -> 30 | G56: =+ROUND(C56*D56*F56*E56,0) -> 4801
D57: Varilla No 4- 1/2" (Kg) | I57: Ver plano Esquema de obras
B58: Cabezote | C58: =2.25-0.1 -> 2.15 | D58: 0.994 | E58: =1.6/0.2 -> 8 | F58: =+$E$214 -> 30 | G58: =+ROUND(C58*D58*F58*E58,0) -> 513
C59: 1.5 | D59: =D58 -> 0.994 | E59: =2.25/0.2 -> 11.25 | F59: =+$E$214 -> 30 | G59: =+ROUND(C59*D59*F59*E59,0) -> 503
B60: Aletas | C60: 2.02 | D60: =D59 -> 0.994 | E60: =2.02/0.2 -> 10.1 | F60: =+$E$214 -> 30 | G60: =+ROUND(C60*D60*F60*E60,0) -> 608
C61: =0.25*4 -> 1 | D61: =D60 -> 0.994 | E61: =2.02/0.15 -> 13.466667 | F61: =F60 -> 30 | G61: =+ROUND(C61*D61*F61*E61,0) -> 402
D62: 8M
C63: 2.02 | D63: 0.394 | E63: =2.02/0.15 -> 13.466667 | F63: =+$E$214 -> 30 | G63: =+ROUND(C63*D63*F63*E63,0) -> 322
D64: Varilla No 4- 1/2" (Kg) | F64: =+$E$214 -> 30
C65: 6.46 | D65: 0.994 | E65: =0.4/0.1 -> 4 | F65: =F64 -> 30 | G65: =+ROUND(C65*D65*F65*E65,0) -> 771
B66: canal rectangular | I66: Ver plano Esquema de obras
D67: Varilla No 3- 3/8" (Kg) | E67: Varilla No 2- 1/4" (Kg)
C68: 49.4 | D68: 0.56 | F68: 2 | G68: =C68*D68*F68 -> 55.328
C69: =49.4*6 -> 296.4 | D69: 0.56 | E69: 0.249 | F69: 1 | G69: =C69*E69*F69*D69 -> 41.330016
E70: Varilla 1/2"
C71: =((50/0.2)+1)*2+((50/0.2)+1) -> 753 | E71: 0.994 | F71: 1 | G71: =C71*E71*F71 -> 748.482
C72: Long.(m) | D72: Varilla 3/8" | E72: Varilla 1/2"
B73: =B129 -> Box Km 4+324 (1,5m*1,5m) | C73: =C147 -> 5.4 | D73: 49.47 | E73: 197.57 | G73: =C73*(D73+E73) -> 1334.016 | I73: Cartilla Invias Guia para evaulación de cantidades y ejecución de presupuestos.Pag. 66
B74: Aletas y placa solera | D74: 58.23 | E74: 640.8 | G74: =D74+E74 -> 699.03
B75: Guardarueda | E75: 50.99 | G75: =E75 -> 50.99
B76: =B134 -> Box Km 4+408 (2,0 m*2,0m) | C76: =C73 -> 5.4 | D76: 84.16 | E76: 306.36 | G76: =C76*(D76+E76) -> 2108.808
B77: Aletas y placa solera | D77: 111.27 | E77: 1373.17 | G77: =D77+E77 -> 1484.44
B78: Guardarueda | E78: 95.69 | G78: =E78 -> 95.69
B79: GRUPO 6 - CONCRETO, MORTEROS Y OBRAS VARIAS
D80: Longitud (m) | E80: Ancho (m) | F80: Profundidad (m)
A81: 6.1.2 | B81: =#REF! -> #REF! | G81: =ROUND(SUM(G82:G102),0) -> 10 | H81: m3 | I81: La vía actualmente presenta algunos afloramientos de la matriz de roca, la cúal debe ser removida, para evitar el efecto punzonamiento en la futura estructura del pavimento. En el documento de diagnóstico se señalan los sitios donde se aprecian dichos afloramientos.
B82: Tramo 2. Km 1+000 al Km 3+000 | D82: 1 | E82: 0.5 | F82: 0.8 | G82: =D82*E82*F82 -> 0.4 | H82: m3
D83: 1 | E83: 0.9 | F83: 0.4 | G83: =D83*E83*F83 -> 0.36 | H83: m3
D84: 1.5 | E84: 0.5 | F84: 0.5 | G84: =D84*E84*F84 -> 0.375 | H84: m3
D85: 1.2 | E85: 0.6 | F85: 0.6 | G85: =D85*E85*F85 -> 0.432 | H85: m3
D86: 0.8 | E86: 0.8 | F86: 0.4 | G86: =D86*E86*F86 -> 0.256 | H86: m3
D87: 1 | E87: 1 | F87: 0.45 | G87: =D87*E87*F87 -> 0.45 | H87: m3
D88: 1.3 | E88: 1.1 | F88: 0.55 | G88: =D88*E88*F88 -> 0.7865 | H88: m3
D89: 1.2 | E89: 0.9 | F89: 0.6 | G89: =D89*E89*F89 -> 0.648 | H89: m3
D90: 1.1 | E90: 0.95 | F90: 0.4 | G90: =D90*E90*F90 -> 0.418 | H90: m3
D91: 1 | E91: 0.8 | F91: 0.3 | G91: =D91*E91*F91 -> 0.24 | H91: m3
D92: 0.9 | E92: 0.95 | F92: 0.3 | G92: =D92*E92*F92 -> 0.2565 | H92: m3
D93: 0.9 | E93: 0.8 | F93: 0.2 | G93: =D93*E93*F93 -> 0.144 | H93: m3
D94: 1 | E94: 0.75 | F94: 0.3 | G94: =D94*E94*F94 -> 0.225 | H94: m3
... D102: 1.3 | E102: 0.85 | F102: 0.4 | G102: =D102*E102*F102 -> 0.442 | H102: m3
C103: Long. (m) | D103: Ancho (m) | E103: Altura (m) | F103: Cantidad (UND)
A104: 6.2 | B104: Excavaciones estructurales varias en material común en seco, incluye entibado. No incluye transporte botada | G104: =ROUND(SUM(G105:G110),0) -> 3409 | H104: m3 | I104: La vía discurre sobre una zona con presencia de fuentes de aguas permanentes y algunas estacionarias, lo que evidencia que se presenten humedades en la banca de la carretera por el manejo de las mismas, para lo cual al ser intervenida la vía, habrá Aalgunos afloramientos que deberán ser considerados en las excavaciones a realizar. Particularmente con el apique No. 15 (K3+600 aledaño a OB42) se encontró el nivel freatico a 1,5m, debido a la presencia de una fuente permanente de agua, la que está mal encausada. Con la intervención de la obra existente se abate el NF, evitando la afectación sobre la estructura de drenaje y sobre la estructura de la vía.
B105: filtro | C105: =C185 -> 5386 | D105: 0.4 | E105: 1.1 | F105: =+E212 -> 1 | G105: =ROUND(C105*D105*E105*F105,2) -> 2369.84 | H105: m3 | I105: Ver plano implantación de filtros
B106: Tuberia | C106: =+C212 -> 5 | D106: 1.1 | E106: 2.75 | F106: =+$E$214 -> 30 | G106: =ROUND(C106*D106*E106*F106,2) -> 453.75 | H106: m3 | I106: Ver Informe hidrológico e hidráulico.
B107: Pocetas | C107: 1.7 | D107: 1.7 | E107: 2.75 | F107: =+$E$214 -> 30 | G107: =ROUND(C107*D107*E107*F107,2) -> 238.43 | H107: m3
B108: Descoles | C108: =(4.1+1.6)/2 -> 2.85 | D108: 1.35 | E108: 2.75 | F108: =+$E$214 -> 30 | G108: =ROUND(C108*D108*E108*F108,2) -> 317.42 | H108: m3
B109: Box Km 4+324 | C109: =C152 -> 5.4 | D109: =1.1 -> 1.1 | E109: 2 | F109: =D226 -> 1 | G109: =C109*D109*E109*F109 -> 11.88 | H109: m3
B110: Box Km 4+408 | C110: =C155 -> 5.4 | D110: 1.6 | E110: 2 | F110: =D231 -> 1 | G110: =C110*D110*E110*F110 -> 17.28 | H110: m3
A111: 6.25 | B111: Concreto clase D (Muros, disipadores, aletas 210 kg/cm2) cuneta | G111: =ROUND(SUM(G113:G138),0) -> 293 | H111: m3 | I111: Ver Informe hidrológico e hidráulico.
...

Sheet CRONOGRAMA
B3: GOBERNACIÓN DE ANTIOQUIA
B4: SECRETARÍA DE INFRAESTRUCTURA FÍSICA
B5: PROYECTO APLICACIÓN DE TRATAMIENTO SUPERFICIAL PARA EL MANTENIMIENTO DE VÍAS DE LA RED VIAL SECUNDARIA EN ANTIOQUIA
B6: SAN JERÓNIMO – POLEAL – SAN PEDRO DE LOS MILAGROS
B7: CRONOGRAMA DE ACTIVIDADES
B8: FECHA: | C8: JUNIO 2017
B10: ITEM | C10: DESCRIPCION | D10: SEMANAS
D11: 1 | E11: 2 | F11: 3 | G11: 4 | H11: 5 | I11: 6 | J11: 7 | K11: 8 | L11: 9 | M11: 10 | N11: 11 | O11: 12 | P11: 13 | Q11: 14 | R11: 15 | S11: 16 | T11: 17 | U11: 18 | V11: 19 | W11: 20
B12: 1 | C12: OBRAS DE EXPLANACIÓN
B13: 2 | C13: OBRAS DE CONCRETO
B14: 3 | C14: AFIRMADO, SUBBASES, BASES GRANULARES Y TRATAMIENTO SUPERFICIAL (INCLUYE ACARREOS)
C16: PLAZO: 5 MESES
C19: SANTIAGO MARIN DIAZ
C20: CONTRATISTA
C21: Ing. Civil - Mat. Prof. 05202-235010 Ant
